 Dungeon Crawl Stone Soup version 0.31-a0-180-g519b7de00c (webtiles) character file.

Game seed: 14341469017778355305

302046 qw the Warrior (level 21, 0/144 HPs)
             Began as a Gargoyle Fighter on June 19, 2023.
             Was a Follower of Okawaru.
             Slain by a grey draconian monk (1 damage)
             ... summoned by old memories
             ... in a wizard's laboratory.
             The game lasted 00:34:45 (40522 turns).

qw the Warrior (Gargoyle Fighter)                  Turns: 40522, Time: 00:34:45

Health: 0/144      AC: 61    Str: 36      XL:     21   Next: 42%
Magic:  25/25      EV: 17    Int:  2 (10) God:    Okawaru [*.....]
Gold:   1005       SH: 22    Dex:  9      Spells: 20/20 levels left

rFire   + + .        y - +1 war axe (vamp)
rCold   + + .        g - +2 shield of Resistance {rF++ rC++ Will++}
rNeg    + . .        s - +8 plate armour
rPois   inf          z - +1 helmet of Xuentiv {Slay+2}
rElec   +            B - +2 cloak {Will+}
rCorr   .            r - +2 pair of gloves
SInv    .            f - +2 pair of boots
Will    ++++.        w - amulet of reflection Stlth
                     p - +5 ring of evasion
HPRegen 1.24/turn    b - +6 ring of strength
MPRegen 0.19/turn

%: reflection
@: about to teleport, heroic, flying
A: sickness immunity, AC +16, big wings, negative energy resistance 1,
electricity resistance, torment resistance 1, petrification resistance, hooves
1, iridescent scales 1, low MP 1, regeneration 1
}: 1/15 runes: decaying
a: Renounce Religion, Heroism


You were in a wizard's laboratory.
You worshipped Okawaru.
Okawaru was aware of your devotion.
You visited 7 branches of the dungeon, and saw 34 of its levels.
You also visited: Wizlab.

You collected 4130 gold pieces.
You spent 3125 gold pieces at shops.


Innate Abilities, Weirdness & Mutations

You are immune to sickness and miasma.
Your stone body is resilient. (AC +16)
You are immune to poison.
Your large and strong wings let you fly.
You resist negative energy. (rN+)
You are resistant to electric shocks. (rElec)
You are resistant to unholy torment.
You are immune to petrification.
You have large cloven feet.
You are partially covered in iridescent scales. (AC +2)
Your magical capacity is low. (-10% MP)
Your natural rate of healing is unusually fast.


   Skills:
 - Level 19.0(24.0) Fighting
 - Level 18.0(23.0) Axes
 - Level 9.0(14.0) Throwing
 + Level 18.0(23.0) Armour
 - Level 5.0(10.0) Dodging
 - Level 17.3(22.3) Shields
 - Level 10.0 Invocations


You had 20 spell levels left.
You didn't know any spells.
Your spell library was empty.

Inventory:

Hand Weapons
 y - a +1 vampiric war axe (weapon)
 Y - a +6 broad axe
Missiles
 j - 6 boomerangs (quivered)
Armour
 f - a +2 pair of boots (worn)
 g - the +2 shield of Resistance (worn) {rF++ rC++ Will++}
   (You acquired it on level 3 of the Dungeon)

   rF:        It greatly protects you from fire.
   rC:        It greatly protects you from cold.
   Will:      It greatly increases your willpower.
 i - a scarf of resistance
 n - the +0 pair of gloves of the Neverending Lies {rF++}
   (You found it on level 11 of the Dungeon)

   rF:        It greatly protects you from fire.
 r - a +2 pair of gloves (worn)
 s - a +8 plate armour (worn)
 z - the +1 helmet of Xuentiv (worn) {Slay+2}
   (Okawaru gifted it to you on level 2 of the Lair of Beasts)

   Slay:      It affects your accuracy & damage with ranged weapons and melee
   (+2).
 B - a +2 cloak of willpower (worn)
 G - the +4 chain mail "Oreerhes" {+Inv rElec Regen+ rCorr}
   (Okawaru gifted it to you on level 2 of the Vaults)

   rElec:     It insulates you from electricity.
   +Inv:      It lets you turn invisible.
   Regen:     It increases your rate of health regeneration.
   rCorr:     It protects you from acid and corrosion.
 H - a +3 plate armour of fire resistance
 I - a +2 kite shield of protection
Jewellery
 b - a +6 ring of strength (right hand)
 p - a +5 ring of evasion (left hand)
 v - a ring of ice
 w - an amulet of reflection (around neck)
 x - the ring of Xifiotu {rN+ Will++ Int+4}
   (You found it on level 5 of the Lair of Beasts)

   [ring of positive energy]

   Int:       It affects your intelligence (+4).
   rN:        It protects you from negative energy.
   Will:      It greatly increases your willpower.
 A - a ring of fire
Wands
 u - a wand of digging (8)
Scrolls
 m - 14 scrolls of identify
Potions
 a - 3 potions of enlightenment
 d - 6 potions of might
 e - 4 potions of resistance
 h - 16 potions of curing
 k - 5 potions of attraction
 o - 6 potions of mutation
 t - 4 potions of lignification
 C - 4 potions of cancellation
 D - 4 potions of haste
 E - 5 potions of magic

Dungeon Overview and Level Annotations

Branches:
Dungeon (15/15)            Temple (1/1) D:4            Lair (5/5) D:11
  Swamp (4/4) Lair:3        Snake (3/4) Lair:3        Slime (0/5) Lair:5
    Orc (2/2) D:12            Elf (0/3) Orc:2        Vaults (4/5) D:13
  Crypt (0/3) Vaults:2     Depths (0/4) D:15         WizLab (1/1)

Altars:
Ashenzari
Cheibriados
Dithmenos
Elyvilon
Fedhas
Gozag
Hepliaklqana
Kikubaaqudgha
Makhleb
Nemelex Xobeh
Okawaru
Qazlal
Ru
Sif Muna
Trog
Uskayaw
Vehumet
Wu Jian
Xom
Yredelemnul
Zin
The Shining One
Jiyva

Shops:
D:7 :   D:9 ?   Orc:2 :*[*   Snake:1 :   Snake:2 ?!   Vaults:1 !

Portals:
Pandemonium: Orc:2
Trove: Vaults:1 (give 8 scrolls of fog)

Annotations:
Lair:2 3 runed translucent doors, qw's ghost, journeyman GrFi
Lair:5 3 runed translucent doors, qw's ghost, journeyman GrFi; qw's ghost, journeyman NaHu
Vaults:1 8 runed translucent doors, crisisinutopia's ghost, adept MiFi WizLab exclusion: orange crystal statue


Message History

You slice the deep troll!!
You kill the deep troll!
The deep troll's corpse dissolves into shadows!
You start resting.
Your surroundings suddenly seem different.
You start resting.
Shadows coalesce into solid form.
A grey draconian monk comes into view.
The grey draconian monk roars! x2
40519 ||| READING scroll of teleportation.
As you read the scroll of teleportation, it crumbles to dust.
You feel strangely unstable.
You miss the grey draconian monk. You slash the grey draconian monk!
You hit the grey draconian monk. You slice the grey draconian monk!!
The grey draconian monk is moderately wounded.
You slash the grey draconian monk! You hit the grey draconian monk.
The grey draconian monk hits you.
You block the grey draconian monk's attack. x2
The grey draconian monk tail-slaps you but does no damage.
The grey draconian monk completely misses you.
The grey draconian monk kicks you but does no damage.
You block the grey draconian monk's attack.
The grey draconian monk tail-slaps you but does no damage.
You block the grey draconian monk's attack.
The grey draconian monk closely misses you.
The grey draconian monk tail-slaps you but does no damage. x2
You slash the grey draconian monk!
The grey draconian monk is moderately wounded.
You barely miss the grey draconian monk. x2
The grey draconian monk hits you!
You block the grey draconian monk's attack. x2
The grey draconian monk tail-slaps you but does no damage.
The grey draconian monk hits you but does no damage.
You block the grey draconian monk's attack.
The grey draconian monk tail-slaps you but does no damage.
The grey draconian monk barely misses you.
The grey draconian monk hits you but does no damage.
The grey draconian monk kicks you.
You die...

....#.....#....#.....#....#......
#..##.....##.............##......
#''####'###################......
....##...###.............###....#
....+.....'...............#######
....##...###..###'''###..##
########## ####7......####
77777777qq....777
7..7.7.q@.......77
#####7.........8......7 #####
##...##77..............77##...#
#..\..'..................'..\..
##...##77......7.7......7##...#
##### 7.....777......77 #####
7.777.7 7777..77


777 777 7777 You could see 3 draconians.

Vanquished Creatures
  Mara (Snake:3)
  Boris (Vaults:4)
  Vashnia (Snake:3)
  the Lernaean hydra (Swamp:4)
  Jory (Vaults:4)
  A bone dragon (Vaults:2)
  Jorgrun (Orc:1)
  Frances (D:13)
  Kirke (D:13)
  A frost giant (Vaults:2)
  8 vault wardens
  Aizul (Snake:3)
  A ghoul (Swamp:2)
  An orc warlord (Vaults:3)
  2 formless jellyfish
  12 ironbound preservers
  A very ugly thing (Vaults:2)
  9 ironbound thunderhulks
  A stone giant (D:15)
  8 eleionomae
  9 dire elephants
  Azrael (D:13)
  3 bunyips
  Josephine (D:13)
  A deep elf high priest (Vaults:2)
  4 great orbs of eyes
  7 yaktaur captains
  Harold (Orc:1)
  18 hydras
  A shambling mangrove (Swamp:2)
  A peacekeeper (Vaults:4)
  A spriggan air mage (Swamp:2)
  2 boulder beetles
  6 ironbound frosthearts
  11 vault guards
  An ogre mage (D:15)
  2 demonspawn (Orc:2)
  Erica (Orc:1)
  6 anacondas
  9 alligators
  14 centaur warriors
  2 catoblepae
  6 naga warriors
  11 two-headed ogres
  14 naga sharpshooters
  A shock serpent (Snake:1)
  A shock serpent (shapeshifter) (D:12)
  2 spriggan berserkers (Swamp:4)
  7 orc high priests
  A soul eater (Orc:2)
  A skyshark (Lair:3)
  A sixfirhy (Orc:2)
  3 skeletal warriors (D:15)
  2 spriggan druids
  20 deep trolls
  2 goliath frogs
  15 swamp dragons
  A glowing orange brain (Vaults:4)
  4 bog bodies
  14 ironbound convokers
  A harpy (shapeshifter) (D:15)
  7 lindwurms
  15 orc knights
  7 wizards
  4 harpies (Vaults:2)
  4 naga ritualists
  6 deep elf pyromancers
  A deep elf zephyrmancer (D:15)
  9 orc sorcerers
  5 mana vipers (Snake:1)
  7 cyclopes
  4 salamanders
  2 manticores
  26 ugly things
  9 will-o-the-wisps
  8 elephants
  Maurice (Orc:1)
  2 torpor snails
  2 guardian serpents
  29 black mambas
  8 naga magi
  A molten gargoyle (Vaults:3)
  11 vault sentinels
  10 cane toads
  An unseen horror (D:12)
  2 gargoyles
  5 rime drakes
  2 kobold demonologists
  A freezing wraith (Vaults:2)
  Psyche (D:8)
  4 komodo dragons
  38 yaktaurs
  2 guardian mummies (Vaults:1)
  A queen bee (Lair:3)
  6 polar bears
  7 trolls
  18 hornets
  Prince Ribbit (Lair:1)
  7 blink frogs (Lair:1)
  7 dream sheep (Lair:5)
  2 saltlings (Vaults:3)
  16 tyrant leeches
  A dream sheep (shapeshifter) (Vaults:4)
  Sigmund (D:4)
  28 slime creatures
  3 wraiths (D:13)
  4 wyverns
  A ynoxinul (Orc:2)
  22 spriggans
  72 yaks
  2 steam dragons (D:7)
  A vampire (D:9)
  4 basilisks
  4 fire elementals (D:13)
  3 hogs (D:13)
  A neqoxec (Orc:2)
  A human (D:13)
  Menkaure (D:4)
  25 nagas
  12 vampire mosquitoes
  2 wargs
  Edmund (D:5)
  16 swamp worms
  4 hell hounds (D:13)
  Duvessa (D:7)
  14 water moccasins
  8 swamp drakes
  2 sky beasts
  3 ice beasts (D:5)
  34 orc warriors
  5 black bears
  26 wolves
  6 ogres
  3 boggarts (Lair:5)
  5 centaurs
  3 phantoms
  2 kobold brigands
  12 bullfrogs
  2 cane toad simulacra (Lair:5)
  A gnoll sergeant (D:11)
  4 scorpions
  4 wights
  Dowan (D:7)
  27 killer bees
  An elephant simulacrum (Lair:5)
  4 howler monkeys (D:8)
  2 jellies (D:5)
  A hound (D:4)
  24 orc priests
  A sleepcap (D:8)
  A gnoll bouda (D:9)
  Ijyb (D:3)
  18 orc wizards
  2 iguanas (D:4)
  5 hell rats (Lair:2)
  A polar bear simulacrum (Lair:5)
  A boggart simulacrum (D:11)
  19 gnolls
  2 adders
  A white imp (D:5)
  2 ufetubi
  A dart slug (D:2)
  51 orcs
  7 ball pythons
  7 bats
  7 endoplasms
  3 giant cockroaches
  6 goblins
  3 hobgoblins
  31 kobolds
  A quokka (D:3)
  3 frilled lizards
  3 rats
1143 creatures vanquished.

Vanquished Creatures (others)
  A spriggan air mage (Swamp:1)
  A naga sharpshooter (Snake:3)
  Sonja (Orc:2)
  A goliath frog (Swamp:1)
  A wizard (Vaults:2)
  2 bloated husks
  2 kobold brigands
  40 foxfires
49 creatures vanquished.

Grand Total: 1192 creatures vanquished

Notes
Turn   | Place    | Note
-------+----------+-------------------------------------------
     0 | D:1      | qw the Gargoyle Fighter began the quest for the Orb.
     0 | D:1      | Reached XP level 1. HP: 14/14 MP: 1/1
     0 | D:1      | 0 ||| qw: Version: 0.3-a-7-ge0c9b40
     0 | D:1      | 0 ||| qw: Game counter: 1097
     0 | D:1      | 0 ||| qw: Always use a shield: true
     0 | D:1      | 0 ||| qw: God list: Okawaru
     0 | D:1      | 0 ||| qw: Allow faded altars: false
     0 | D:1      | 0 ||| qw: Do Orc after D:15 true
     0 | D:1      | 0 ||| qw: Do second Lair branch before Depths: true
     0 | D:1      | 0 ||| qw: Lair rune preference: random
     0 | D:1      | 0 ||| qw: Plans: Normal, Zot:1-4, Slime:5, God:TSO, Crypt,
                  | Tomb, Abyss, Pan, Hells, Win
     0 | D:1      | 0 ||| PLANNING D:1-11
   240 | D:1      | Reached XP level 2. HP: 19/19 MP: 2/2
   536 | D:1      | You fall into a shaft and drop 1 floor!
   537 | D:2      | Noticed a scorpion
   549 | D:2      | Killed a scorpion
   550 | D:2      | Reached skill level 3 in Axes
   550 | D:2      | Reached XP level 3. HP: 11/23 MP: 3/3
   550 | D:2      | Reached XP level 4. HP: 13/28 MP: 4/4
   715 | D:2      | 715 ||| READING scroll labelled PUOLUV MUESOEG.
   716 | D:2      | 716 ||| READING scroll labelled MINUJI ICEFOE.
   717 | D:2      | 717 ||| DRINKING 2 glowing orange potions.
   856 | D:2      | 856 ||| Stepping ~*~*~tactically~*~*~ (stealth).
  1009 | D:2      | 1009 ||| Stepping ~*~*~tactically~*~*~ (stealth).
  1024 | D:2      | 1024 ||| Stepping ~*~*~tactically~*~*~ (stealth).
  1033 | D:2      | 1033 ||| Stepping ~*~*~tactically~*~*~ (stealth).
  1034 | D:2      | 1034 ||| Stepping ~*~*~tactically~*~*~ (stealth).
  1069 | D:2      | Found a faded altar of an unknown god.
  1216 | D:2      | 1216 ||| Stepping ~*~*~tactically~*~*~ (hiding).
  1332 | D:2      | 1332 ||| UPGRADING to +0 pair of boots.
  1337 | D:2      | 1337 ||| UPGRADING to +6 ring of strength.
  1338 | D:2      | 1338 ||| READING scroll labelled PUTZED AMAUFFI.
  1361 | D:3      | Noticed Ijyb
  1362 | D:3      | 1362 ||| Stepping ~*~*~tactically~*~*~ (hiding).
  1364 | D:3      | Paralysed by Ijyb for 2 turns
  1368 | D:3      | Paralysed by Ijyb for 4 turns
  1376 | D:3      | Killed Ijyb
  1377 | D:3      | Reached XP level 5. HP: 19/32 MP: 5/5
  1568 | D:3      | 1568 ||| Stepping ~*~*~tactically~*~*~ (hiding).
  1802 | D:3      | 1802 ||| Stepping ~*~*~tactically~*~*~ (hiding).
  1978 | D:3      | Identified the +10 whip of the Forgotten Dreams {freeze,
                  | rC++}
  1980 | D:3      | 1980 ||| DROPPING +0 club.
  2265 | D:3      | 2265 ||| READING scroll labelled ONLOBA VIZOAXT.
  2266 | D:3      | 2266 ||| READING 2 scrolls labelled CASTUE KEONUO.
  2266 | D:3      | Identified 2 scrolls of acquirement
  2266 | D:3      | 2266 ||| ACQUIRING +2 shield of Resistance {rF++ rC++
                  | Will++}
  2266 | D:3      | Acquired the +2 shield of Resistance {rF++ rC++ Will++}
  2266 | D:3      | Found the +2 shield of Resistance {rF++ rC++ Will++}
  2268 | D:3      | 2268 ||| UPGRADING to +2 shield of Resistance {rF++ rC++
                  | Will++}.
  2278 | D:3      | 2278 ||| DROPPING +0 buckler.
  2279 | D:3      | 2279 ||| READING scroll of acquirement.
  2279 | D:3      | 2279 ||| ACQUIRING scarf of resistance
  2279 | D:3      | Acquired a scarf of resistance
  2281 | D:3      | 2281 ||| UPGRADING to scarf of resistance.
  2286 | D:3      | 2286 ||| READING scroll labelled JACWOA WOIGGUA.
  2387 | D:3      | 2387 ||| READING scroll labelled LYLOPR MESH.
  2391 | D:3      | 2391 ||| READING 3 scrolls labelled GOAZUUMMEFIT.
  2392 | D:3      | 2392 ||| DRINKING 2 smoky emerald potions.
  2496 | D:3      | 2496 ||| READING 3 scrolls of identify.
  2496 | D:3      | 2496 ||| IDENTIFYING bubbling silvery potion
  2497 | D:3      | 2497 ||| READING 2 scrolls of identify.
  2497 | D:3      | 2497 ||| IDENTIFYING fuming coppery potion
  2498 | D:3      | 2498 ||| DROPPING potion of berserk rage.
  2499 | D:3      | 2499 ||| DROPPING potion of ambrosia.
  2500 | D:3      | 2500 ||| DROPPING 2 scrolls of blinking.
  2542 | D:4      | Noticed Sigmund
  2542 | D:4      | Found a staircase to the Ecumenical Temple.
  2543 | D:4      | 2543 ||| PLANNING TEMPLE
  2543 | D:4      | 2543 ||| STAIRDANCE
  2547 | D:4      | 2547 ||| STAIRDANCE
  2577 | D:4      | 2577 ||| STAIRDANCE
  2587 | D:4      | 2587 ||| Stepping ~*~*~tactically~*~*~ (hiding).
  2589 | D:4      | 2589 ||| Stepping ~*~*~tactically~*~*~ (hiding).
  2592 | D:4      | 2592 ||| Stepping ~*~*~tactically~*~*~ (hiding).
  2595 | D:4      | Killed Sigmund
  2596 | D:4      | Reached XP level 6. HP: 35/37 MP: 6/6
  2704 | Temple   | Entered the Ecumenical Temple
  2712 | Temple   | 2712 ||| PLANNING OKAWARU WORSHIP
  2910 | Temple   | Became a worshipper of Warmaster Okawaru
  2911 | Temple   | 2911 ||| PLANNING D:1-11
  2968 | D:4      | 2968 ||| READING scroll labelled LIMMEM UDAPE.
  3067 | D:4      | 3067 ||| Stepping ~*~*~tactically~*~*~ (stealth).
  3089 | D:4      | Reached skill level 1 in Dodging
  3120 | D:4      | Reached XP level 7. HP: 41/41 MP: 7/7
  3166 | D:4      | Reached skill level 4 in Fighting
  3199 | D:4      | Noticed Menkaure
  3200 | D:4      | 3200 ||| Stepping ~*~*~tactically~*~*~ (hiding).
  3210 | D:4      | Killed Menkaure
  3210 | D:4      | Reached * piety under Okawaru
  3289 | D:4      | Reached skill level 1 in Invocations
  3431 | D:4      | 3431 ||| Stepping ~*~*~tactically~*~*~ (stealth).
  3632 | D:4      | 3632 ||| READING scroll labelled OFIASTR ARUN.
  3633 | D:4      | 3633 ||| READING 2 scrolls of identify.
  3633 | D:4      | 3633 ||| IDENTIFYING orange potion
  3660 | D:5      | Entered Level 5 of the Dungeon
  3666 | D:5      | Reached skill level 6 in Axes
  3723 | D:5      | 3723 ||| INVOKING Heroism.
  3731 | D:5      | Reached XP level 8. HP: 42/48 MP: 6/9
  3761 | D:5      | 3761 ||| Stepping ~*~*~tactically~*~*~ (hiding).
  3762 | D:5      | 3762 ||| INVOKING Heroism.
  3772 | D:5      | 3772 ||| Stepping ~*~*~tactically~*~*~ (stealth).
  3834 | D:5      | Reached skill level 6 in Shields
  3834 | D:5      | Reached skill level 3 in Invocations
  3836 | D:5      | 3836 ||| Stepping ~*~*~tactically~*~*~ (hiding).
  4006 | D:5      | Noticed Edmund
  4007 | D:5      | 4007 ||| INVOKING Heroism.
  4010 | D:5      | Killed Edmund
  4061 | D:5      | 4061 ||| INVOKING Heroism.
  4185 | D:5      | 4185 ||| DROPPING ring of flight.
  4186 | D:5      | 4186 ||| READING 2 scrolls labelled MIMEUF TOVONOLL.
  4187 | D:5      | 4187 ||| READING scroll of enchant weapon.
  4187 | D:5      | 4187 ||| ENCHANTING +1 war axe of electrocution.
  4188 | D:5      | 4188 ||| READING scroll labelled KOIMUE ALLUVY.
  4189 | D:5      | 4189 ||| READING 3 scrolls of identify.
  4189 | D:5      | 4189 ||| IDENTIFYING glowing green potion
  4290 | D:6      | Reached skill level 5 in Fighting
  4303 | D:6      | Reached XP level 9. HP: 51/54 MP: 12/12
  4621 | D:6      | 4621 ||| Stepping ~*~*~tactically~*~*~ (stealth).
  4623 | D:6      | 4623 ||| Stepping ~*~*~tactically~*~*~ (stealth).
  4637 | D:6      | 4637 ||| FLEEEEING.
  4638 | D:6      | 4638 ||| FLEEEEING.
  4640 | D:6      | 4640 ||| FLEEEEING.
  4646 | D:6      | 4646 ||| FLEEEEING.
  4647 | D:6      | 4647 ||| FLEEEEING.
  4648 | D:6      | 4648 ||| FLEEEEING.
  4649 | D:6      | 4649 ||| FLEEEEING.
  4650 | D:6      | 4650 ||| FLEEEEING.
  4651 | D:6      | 4651 ||| FLEEEEING.
  4652 | D:6      | 4652 ||| FLEEEEING.
  4655 | D:6      | 4655 ||| FLEEEEING.
  4658 | D:6      | 4658 ||| FLEEEEING.
  4659 | D:6      | 4659 ||| FLEEEEING.
  4660 | D:6      | 4660 ||| FLEEEEING.
  4661 | D:6      | 4661 ||| FLEEEEING.
  4667 | D:6      | Reached ** piety under Okawaru
  4697 | D:6      | 4697 ||| INVOKING Heroism.
  4702 | D:6      | Reached skill level 1 in Throwing
  4935 | D:6      | 4935 ||| INVOKING Heroism.
  5333 | D:6      | 5333 ||| UPGRADING to +0 pair of gloves.
  5338 | D:6      | 5338 ||| READING 2 scrolls of identify.
  5338 | D:6      | 5338 ||| IDENTIFYING inky potion
  5360 | D:7      | Found Moimebea's Book Boutique.
  5362 | D:7      | 5362 ||| INVOKING Heroism.
  5368 | D:7      | 5368 ||| Stepping ~*~*~tactically~*~*~ (hiding).
  5432 | D:7      | 5432 ||| Stepping ~*~*~tactically~*~*~ (hiding).
  5437 | D:7      | 5437 ||| INVOKING Heroism.
  5443 | D:7      | 5443 ||| Stepping ~*~*~tactically~*~*~ (stealth).
  5466 | D:7      | 5466 ||| Stepping ~*~*~tactically~*~*~ (hiding).
  5473 | D:7      | 5473 ||| INVOKING Heroism.
  5516 | D:7      | 5516 ||| READING scroll of enchant weapon.
  5516 | D:7      | 5516 ||| ENCHANTING +2 war axe of electrocution.
  5542 | D:7      | Noticed Dowan
  5543 | D:7      | 5543 ||| Stepping ~*~*~tactically~*~*~ (hiding).
  5548 | D:7      | 5548 ||| INVOKING Heroism.
  5553 | D:7      | Killed Dowan
  5577 | D:7      | Noticed Duvessa
  5580 | D:7      | 5580 ||| INVOKING Heroism.
  5585 | D:7      | Killed Duvessa
  5586 | D:7      | Reached skill level 6 in Fighting
  5668 | D:7      | Found a flagged portal.
  5675 | D:7      | 5675 ||| INVOKING Heroism.
  5889 | D:7      | 5889 ||| INVOKING Heroism.
  6035 | D:7      | 6035 ||| UPGRADING to +3 plate armour.
  6045 | D:7      | 6045 ||| DROPPING +0 scale mail.
  6046 | D:7      | 6046 ||| READING scroll labelled OCEAGENUPS.
  6142 | D:8      | 6142 ||| Stepping ~*~*~tactically~*~*~ (stealth).
  6147 | D:8      | 6147 ||| Stepping ~*~*~tactically~*~*~ (stealth).
  6210 | D:8      | 6210 ||| READING 3 scrolls of enchant armour.
  6210 | D:8      | 6210 ||| ENCHANTING +0 pair of gloves.
  6211 | D:8      | 6211 ||| READING 2 scrolls of enchant armour.
  6211 | D:8      | 6211 ||| ENCHANTING +1 pair of gloves.
  6212 | D:8      | 6212 ||| READING scroll of enchant armour.
  6212 | D:8      | 6212 ||| ENCHANTING +0 pair of boots.
  6315 | D:8      | Reached XP level 10. HP: 60/60 MP: 13/13
  6497 | D:8      | Reached skill level 9 in Axes
  6718 | D:8      | Reached skill level 7 in Fighting
  6742 | D:8      | Noticed Psyche
  6743 | D:8      | 6743 ||| INVOKING Heroism.
  6752 | D:8      | Killed Psyche
  6821 | D:8      | Reached skill level 6 in Armour
  7040 | D:8      | 7040 ||| UPGRADING to +2 hat.
  7045 | D:8      | 7045 ||| DROPPING +0 hat of willpower.
  7046 | D:8      | 7046 ||| UPGRADING to amulet of reflection.
  7051 | D:8      | 7051 ||| DROPPING +6 ring of intelligence.
  7052 | D:8      | 7052 ||| READING 2 scrolls of identify.
  7052 | D:8      | 7052 ||| IDENTIFYING cyan potion
  7053 | D:8      | 7053 ||| DROPPING potion of degeneration.
  7194 | D:9      | 7194 ||| Stepping ~*~*~tactically~*~*~ (stealth).
  7195 | D:9      | 7195 ||| Stepping ~*~*~tactically~*~*~ (stealth).
  7197 | D:9      | 7197 ||| Stepping ~*~*~tactically~*~*~ (stealth).
  7202 | D:9      | 7202 ||| Stepping ~*~*~tactically~*~*~ (stealth).
  7204 | D:9      | 7204 ||| Stepping ~*~*~tactically~*~*~ (stealth).
  7218 | D:9      | Reached skill level 9 in Shields
  7319 | D:9      | Reached *** piety under Okawaru
  7339 | D:9      | 7339 ||| Stepping ~*~*~tactically~*~*~ (hiding).
  7340 | D:9      | 7340 ||| Stepping ~*~*~tactically~*~*~ (hiding).
  7343 | D:9      | 7343 ||| Stepping ~*~*~tactically~*~*~ (hiding).
  7409 | D:9      | 7409 ||| INVOKING Heroism.
  7439 | D:9      | Found a sparkling altar of Nemelex Xobeh.
  7636 | D:9      | 7636 ||| Stepping ~*~*~tactically~*~*~ (hiding).
  7637 | D:9      | 7637 ||| Stepping ~*~*~tactically~*~*~ (hiding).
  7640 | D:9      | 7640 ||| Stepping ~*~*~tactically~*~*~ (hiding).
  7641 | D:9      | 7641 ||| Stepping ~*~*~tactically~*~*~ (hiding).
  7756 | D:9      | Found Neabun's Magic Scroll Emporium.
  7775 | D:9      | 7775 ||| BUYING 2 scrolls of identify (52 gold).
  7775 | D:9      | Bought 2 scrolls of identify for 52 gold pieces
  7775 | D:9      | 7775 ||| BUYING scroll of enchant armour (97 gold).
  7775 | D:9      | Bought a scroll of enchant armour for 97 gold pieces
  7775 | D:9      | 7775 ||| BUYING scroll of enchant armour (97 gold).
  7775 | D:9      | Bought a scroll of enchant armour for 97 gold pieces
  7775 | D:9      | 7775 ||| BUYING scroll of enchant weapon (97 gold).
  7775 | D:9      | Bought a scroll of enchant weapon for 97 gold pieces
  7775 | D:9      | 7775 ||| BUYING scroll of identify (26 gold).
  7775 | D:9      | Bought a scroll of identify for 26 gold pieces
  7775 | D:9      | 7775 ||| BUYING scroll of identify (26 gold).
  7775 | D:9      | Bought a scroll of identify for 26 gold pieces
  7775 | D:9      | 7775 ||| BUYING scroll of identify (26 gold).
  7775 | D:9      | Bought a scroll of identify for 26 gold pieces
  7775 | D:9      | 7775 ||| READING 2 scrolls of enchant armour.
  7775 | D:9      | 7775 ||| ENCHANTING +1 pair of boots.
  7776 | D:9      | 7776 ||| READING scroll of enchant armour.
  7776 | D:9      | 7776 ||| ENCHANTING +3 plate armour.
  7777 | D:9      | 7777 ||| READING scroll of enchant weapon.
  7777 | D:9      | 7777 ||| ENCHANTING +3 war axe of electrocution.
  7790 | D:9      | 7790 ||| DROPPING +0 flail of draining.
  7791 | D:9      | 7791 ||| DROPPING +10 whip of the Forgotten Dreams {freeze,
                  | rC++}.
  7792 | D:9      | 7792 ||| DROPPING +0 flail.
  7897 | D:9      | 7897 ||| Stepping ~*~*~tactically~*~*~ (hiding).
  7898 | D:9      | 7898 ||| Stepping ~*~*~tactically~*~*~ (hiding).
  7899 | D:9      | 7899 ||| Stepping ~*~*~tactically~*~*~ (hiding).
  7900 | D:9      | 7900 ||| Stepping ~*~*~tactically~*~*~ (hiding).
  7901 | D:9      | 7901 ||| Stepping ~*~*~tactically~*~*~ (hiding).
  7912 | D:9      | 7912 ||| Stepping ~*~*~tactically~*~*~ (hiding).
  7914 | D:9      | 7914 ||| Stepping ~*~*~tactically~*~*~ (hiding).
  7916 | D:9      | 7916 ||| Stepping ~*~*~tactically~*~*~ (hiding).
  8020 | D:9      | 8020 ||| DROPPING +2 pair of boots.
  8021 | D:9      | 8021 ||| READING scroll labelled SIUF ZAOHIRIFE.
  8022 | D:9      | 8022 ||| READING 6 scrolls of identify.
  8022 | D:9      | 8022 ||| IDENTIFYING sapphire potion
  8040 | D:10     | Entered Level 10 of the Dungeon
  8068 | D:10     | Reached skill level 8 in Fighting
  8068 | D:10     | Reached XP level 11. HP: 53/68 MP: 14/14
  8069 | D:10     | 8069 ||| INVOKING Heroism.
  8077 | D:10     | 8077 ||| Stepping ~*~*~tactically~*~*~ (hiding).
  8213 | D:10     | Found a glowing golden altar of the Shining One.
  8214 | D:10     | Found a glowing silver altar of Zin.
  8219 | D:10     | Found a radiant altar of Vehumet.
  8220 | D:10     | Found an ornate altar of the Wu Jian Council.
  8220 | D:10     | Found a hazy altar of Hepliaklqana.
  8220 | D:10     | Found a hide-covered altar of Uskayaw.
  8220 | D:10     | Found a shimmering altar of Xom.
  8222 | D:10     | Found a snail-covered altar of Cheibriados.
  8224 | D:10     | Found a shimmering blue altar of Sif Muna.
  8303 | D:10     | Noticed a cyclops
  8306 | D:10     | 8306 ||| Stepping ~*~*~tactically~*~*~ (hiding).
  8310 | D:10     | 8310 ||| INVOKING Heroism.
  8317 | D:10     | Killed a cyclops
  8321 | D:10     | Noticed a two-headed ogre
  8322 | D:10     | 8322 ||| Stepping ~*~*~tactically~*~*~ (stealth).
  8323 | D:10     | 8323 ||| Stepping ~*~*~tactically~*~*~ (stealth).
  8331 | D:10     | Killed a two-headed ogre
  8331 | D:10     | Reached **** piety under Okawaru
  8361 | D:10     | Identified the +8 falchion "Baleq" {holy, rPois Int+4 SInv}
  8361 | D:10     | Noticed a centaur warrior
  8367 | D:10     | Killed a centaur warrior
  8383 | D:10     | 8383 ||| FLEEEEING.
  8384 | D:10     | 8384 ||| FLEEEEING.
  8385 | D:10     | 8385 ||| FLEEEEING.
  8386 | D:10     | 8386 ||| FLEEEEING.
  8387 | D:10     | 8387 ||| FLEEEEING.
  8388 | D:10     | 8388 ||| FLEEEEING.
  8396 | D:10     | Reached ***** piety under Okawaru
  8417 | D:10     | Noticed a manticore
  8418 | D:10     | 8418 ||| INVOKING Heroism.
  8423 | D:10     | Killed a manticore
  8440 | D:10     | Found the +5 scythe "Finisher" {speed, execute}
  8918 | D:10     | 8918 ||| UPGRADING to +6 ring of dexterity.
  8934 | D:11     | 8934 ||| PLANNING GAUNTLET
  8977 | D:11     | Noticed a two-headed ogre
  8978 | D:11     | 8978 ||| INVOKING Heroism.
  8985 | D:11     | Killed a two-headed ogre
  8986 | D:11     | Reached skill level 6 in Invocations
  9004 | D:11     | Identified the +0 pair of gloves of the Neverending Lies
                  | {rF++}
  9059 | D:11     | 9059 ||| INVOKING Heroism.
  9156 | D:11     | Noticed a two-headed ogre
  9157 | D:11     | 9157 ||| INVOKING Heroism.
  9164 | D:11     | Killed a two-headed ogre
  9207 | D:11     | 9207 ||| Stepping ~*~*~tactically~*~*~ (hiding).
  9257 | D:11     | Noticed a manticore
  9258 | D:11     | 9258 ||| INVOKING Heroism.
  9274 | D:11     | Killed a manticore
  9360 | D:11     | Found a broken altar of Ashenzari.
  9382 | D:11     | 9382 ||| RIP GAUNTLET
  9386 | D:11     | 9386 ||| PLANNING D:1-11
  9386 | D:11     | 9386 ||| INVOKING Heroism.
  9537 | D:11     | Found a staircase to the Lair.
  9544 | D:11     | 9544 ||| PLANNING LAIR
  9544 | D:11     | 9544 ||| READING scroll labelled QUUNIUJ NAES.
  9545 | D:11     | 9545 ||| READING scroll labelled ICSARU SATHRE.
  9593 | Lair:1   | Entered Level 1 of the Lair of Beasts
  9596 | Lair:1   | 9596 ||| Stepping ~*~*~tactically~*~*~ (stealth).
  9597 | Lair:1   | 9597 ||| INVOKING Heroism.
  9598 | Lair:1   | 9598 ||| Stepping ~*~*~tactically~*~*~ (stealth).
  9605 | Lair:1   | Reached XP level 12. HP: 75/75 MP: 15/17
  9686 | Lair:1   | Reached skill level 9 in Fighting
  9687 | Lair:1   | 9687 ||| Stepping ~*~*~tactically~*~*~ (stealth).
  9690 | Lair:1   | 9690 ||| Stepping ~*~*~tactically~*~*~ (stealth).
  9691 | Lair:1   | 9691 ||| Stepping ~*~*~tactically~*~*~ (stealth).
  9824 | Lair:1   | Noticed Prince Ribbit
  9825 | Lair:1   | 9825 ||| Stepping ~*~*~tactically~*~*~ (stealth).
  9826 | Lair:1   | 9826 ||| INVOKING Heroism.
  9833 | Lair:1   | Killed Prince Ribbit
  9919 | Lair:1   | Reached skill level 3 in Dodging
  9994 | Lair:1   | 9994 ||| Stepping ~*~*~tactically~*~*~ (stealth).
  9996 | Lair:1   | 9996 ||| Stepping ~*~*~tactically~*~*~ (stealth).
 10005 | Lair:1   | 10005 ||| INVOKING Heroism.
 10156 | Lair:1   | Reached skill level 9 in Invocations
 10272 | Lair:1   | 10272 ||| READING scroll of acquirement.
 10272 | Lair:1   | 10272 ||| ACQUIRING +5 demon whip "Coff" {freeze, rPois rN+
                  | rCorr Str+2}
 10272 | Lair:1   | Acquired the +5 demon whip "Coff" {freeze, rPois rN+ rCorr
                  | Str+2}
 10312 | Lair:1   | 10312 ||| Stepping ~*~*~tactically~*~*~ (stealth).
 10447 | Lair:1   | 10447 ||| INVOKING Heroism.
 10461 | Lair:1   | 10461 ||| Stepping ~*~*~tactically~*~*~ (stealth).
 10463 | Lair:1   | Received a gift from Okawaru
 10465 | Lair:1   | 10465 ||| Stepping ~*~*~tactically~*~*~ (stealth).
 10466 | Lair:1   | 10466 ||| Stepping ~*~*~tactically~*~*~ (stealth).
 10475 | Lair:1   | 10475 ||| INVOKING Heroism.
 10683 | Lair:1   | 10683 ||| UPGRADING to +5 ring of evasion.
 10685 | Lair:1   | 10685 ||| UPGRADING to +6 ring of strength.
 10687 | Lair:1   | 10687 ||| DROPPING +6 ring of dexterity.
 10688 | Lair:1   | 10688 ||| READING 6 scrolls of identify.
 10688 | Lair:1   | 10688 ||| IDENTIFYING puce potion
 10713 | Lair:2   | 10713 ||| STAIRDANCE
 10721 | Lair:2   | 10721 ||| STAIRDANCE
 10794 | Lair:2   | 10794 ||| STAIRDANCE
 10796 | Lair:1   | 10796 ||| INVOKING Heroism.
 10855 | Lair:2   | Noticed a four-headed hydra
 10856 | Lair:2   | 10856 ||| INVOKING Heroism.
 10857 | Lair:2   | 10857 ||| INVOKING Finesse.
 10861 | Lair:2   | 10861 ||| SWAPPING to +5 demon whip "Coff" {freeze, rPois
                  | rN+ rCorr Str+2}.
 10866 | Lair:2   | Killed a four-headed hydra
 10867 | Lair:2   | Reached skill level 12 in Axes
 10867 | Lair:2   | 10867 ||| SWAPPING to +4 war axe of electrocution.
 10868 | Lair:2   | 10868 ||| Stepping ~*~*~tactically~*~*~ (stealth).
 10872 | Lair:2   | 10872 ||| Stepping ~*~*~tactically~*~*~ (stealth).
 10876 | Lair:2   | 10876 ||| Stepping ~*~*~tactically~*~*~ (stealth).
 10877 | Lair:2   | 10877 ||| Stepping ~*~*~tactically~*~*~ (stealth).
 10878 | Lair:2   | 10878 ||| Stepping ~*~*~tactically~*~*~ (stealth).
 10912 | Lair:2   | Noticed a catoblepas
 10916 | Lair:2   | Killed a catoblepas
 10917 | Lair:2   | Reached XP level 13. HP: 60/82 MP: 17/20
 10926 | Lair:2   | Reached skill level 10 in Fighting
 11115 | Lair:2   | Found a runed translucent gate.
 11115 | Lair:2   | Found a runed translucent gate.
 11148 | Lair:2   | 11148 ||| READING 2 scrolls of enchant weapon.
 11148 | Lair:2   | 11148 ||| ENCHANTING +4 war axe of electrocution.
 11149 | Lair:2   | 11149 ||| READING scroll of enchant weapon.
 11149 | Lair:2   | 11149 ||| ENCHANTING +5 war axe of electrocution.
 11150 | Lair:2   | Found a runed translucent gate.
 11159 | Lair:2   | Noticed qw's ghost (journeyman GrFi)
 11224 | Lair:2   | 11224 ||| INVOKING Heroism.
 11229 | Lair:2   | Identified the +1 helmet of Xuentiv {Slay+2} (Okawaru
                  | gifted it to you on level 2 of the Lair of Beasts)
 11229 | Lair:2   | Received a gift from Okawaru
 11279 | Lair:2   | 11279 ||| INVOKING Heroism.
 11332 | Lair:2   | 11332 ||| Stepping ~*~*~tactically~*~*~ (stealth).
 11390 | Lair:2   | 11390 ||| Stepping ~*~*~tactically~*~*~ (stealth).
 11754 | Lair:2   | 11754 ||| UPGRADING to +1 helmet of Xuentiv {Slay+2}.
 11764 | Lair:2   | 11764 ||| DROPPING +2 hat.
 11792 | Lair:3   | Reached skill level 3 in Throwing
 11819 | Lair:3   | 11819 ||| Stepping ~*~*~tactically~*~*~ (stealth).
 11821 | Lair:3   | 11821 ||| Stepping ~*~*~tactically~*~*~ (stealth).
 11841 | Lair:3   | 11841 ||| Stepping ~*~*~tactically~*~*~ (hiding).
 11842 | Lair:3   | 11842 ||| Stepping ~*~*~tactically~*~*~ (hiding).
 11849 | Lair:3   | 11849 ||| INVOKING Heroism.
 11982 | Lair:3   | Identified the +5 dagger "Gosos" {heavy, MP+9 Int-2 Dex+3}
 12053 | Lair:3   | Reached skill level 9 in Armour
 12099 | Lair:3   | 12099 ||| Stepping ~*~*~tactically~*~*~ (stealth).
 12108 | Lair:3   | Found a staircase to the Snake Pit.
 12109 | Lair:3   | 12109 ||| Stepping ~*~*~tactically~*~*~ (hiding).
 12251 | Lair:3   | 12251 ||| Stepping ~*~*~tactically~*~*~ (stealth).
 12302 | Lair:3   | 12302 ||| INVOKING Heroism.
 12557 | Lair:3   | Found a staircase to the Swamp.
 12735 | Lair:3   | 12735 ||| READING 7 scrolls of identify.
 12735 | Lair:3   | 12735 ||| IDENTIFYING murky coppery potion
 12736 | Lair:3   | 12736 ||| DROPPING potion of invisibility.
 12773 | Lair:4   | 12773 ||| INVOKING Heroism.
 12774 | Lair:4   | 12774 ||| INVOKING Finesse.
 12775 | Lair:4   | 12775 ||| INVOKING Finesse.
 12776 | Lair:4   | 12776 ||| SWAPPING to +5 demon whip "Coff" {freeze, rPois
                  | rN+ rCorr Str+2}.
 12782 | Lair:4   | 12782 ||| SWAPPING to +6 war axe of electrocution.
 13335 | Lair:4   | 13335 ||| INVOKING Heroism.
 13845 | Lair:4   | 13845 ||| DROPPING +1 pair of boots.
 13846 | Lair:4   | 13846 ||| DROPPING ring of positive energy.
 13864 | Lair:5   | Entered Level 5 of the Lair of Beasts
 13868 | Lair:5   | 13868 ||| Stepping ~*~*~tactically~*~*~ (stealth).
 13907 | Lair:5   | 13907 ||| INVOKING Heroism.
 14006 | Lair:5   | 14006 ||| INVOKING Heroism.
 14039 | Lair:5   | Found a runed translucent gate.
 14039 | Lair:5   | Found a runed translucent gate.
 14039 | Lair:5   | Found a runed translucent gate.
 14043 | Lair:5   | Noticed qw's ghost (journeyman GrFi)
 14043 | Lair:5   | Noticed qw's ghost (journeyman NaHu)
 14106 | Lair:5   | 14106 ||| INVOKING Heroism.
 14114 | Lair:5   | Gained mutation: Your large and strong wings let you fly.
                  | [Gargoyle growth]
 14114 | Lair:5   | Reached XP level 14. HP: 88/88 MP: 19/21
 14118 | Lair:5   | 14118 ||| Stepping ~*~*~tactically~*~*~ (stealth).
 14119 | Lair:5   | 14119 ||| Stepping ~*~*~tactically~*~*~ (stealth).
 14120 | Lair:5   | 14120 ||| INVOKING Finesse.
 14217 | Lair:5   | 14217 ||| Stepping ~*~*~tactically~*~*~ (stealth).
 14219 | Lair:5   | 14219 ||| INVOKING Heroism.
 14243 | Lair:5   | 14243 ||| INVOKING Finesse.
 14281 | Lair:5   | 14281 ||| INVOKING Heroism.
 14283 | Lair:5   | Received a gift from Okawaru
 14295 | Lair:5   | 14295 ||| Stepping ~*~*~tactically~*~*~ (stealth).
 14298 | Lair:5   | 14298 ||| Stepping ~*~*~tactically~*~*~ (stealth).
 14306 | Lair:5   | Reached skill level 11 in Fighting
 14333 | Lair:5   | 14333 ||| Stepping ~*~*~tactically~*~*~ (stealth).
 14335 | Lair:5   | 14335 ||| Stepping ~*~*~tactically~*~*~ (stealth).
 14340 | Lair:5   | 14340 ||| Stepping ~*~*~tactically~*~*~ (stealth).
 14341 | Lair:5   | 14341 ||| INVOKING Heroism.
 14342 | Lair:5   | 14342 ||| INVOKING Finesse.
 14531 | Lair:5   | Identified the ring of Xifiotu {rN+ Will++ Int+4}
 14591 | Lair:5   | 14591 ||| Stepping ~*~*~tactically~*~*~ (stealth).
 14727 | Lair:5   | 14727 ||| FLEEEEING.
 14728 | Lair:5   | 14728 ||| FLEEEEING.
 14729 | Lair:5   | 14729 ||| FLEEEEING.
 14730 | Lair:5   | 14730 ||| FLEEEEING.
 14731 | Lair:5   | 14731 ||| FLEEEEING.
 14732 | Lair:5   | 14732 ||| FLEEEEING.
 14733 | Lair:5   | 14733 ||| FLEEEEING.
 14734 | Lair:5   | 14734 ||| FLEEEEING.
 14735 | Lair:5   | 14735 ||| FLEEEEING.
 14736 | Lair:5   | 14736 ||| FLEEEEING.
 14737 | Lair:5   | 14737 ||| FLEEEEING.
 14738 | Lair:5   | 14738 ||| FLEEEEING.
 14739 | Lair:5   | 14739 ||| FLEEEEING.
 14740 | Lair:5   | 14740 ||| FLEEEEING.
 14745 | Lair:5   | 14745 ||| FLEEEEING.
 14746 | Lair:5   | 14746 ||| FLEEEEING.
 14747 | Lair:5   | 14747 ||| FLEEEEING.
 14748 | Lair:5   | 14748 ||| FLEEEEING.
 14749 | Lair:5   | 14749 ||| FLEEEEING.
 14750 | Lair:5   | 14750 ||| FLEEEEING.
 14751 | Lair:5   | 14751 ||| FLEEEEING.
 14752 | Lair:5   | 14752 ||| FLEEEEING.
 14753 | Lair:5   | 14753 ||| FLEEEEING.
 14754 | Lair:5   | 14754 ||| FLEEEEING.
 14755 | Lair:5   | 14755 ||| FLEEEEING.
 14756 | Lair:5   | 14756 ||| FLEEEEING.
 14757 | Lair:5   | 14757 ||| FLEEEEING.
 14759 | Lair:5   | 14759 ||| FLEEEEING.
 14760 | Lair:5   | 14760 ||| INVOKING Heroism.
 14766 | Lair:5   | Reached skill level 12 in Shields
 14959 | Lair:5   | Found a viscous altar of Jiyva.
 14960 | Lair:5   | Found a staircase to the Slime Pits.
 15314 | Lair:5   | 15314 ||| PLANNING D
 15326 | Lair:5   | 15326 ||| PLANNING LAIR
 15340 | Lair:5   | 15340 ||| PLANNING D
 15356 | Lair:5   | 15356 ||| PLANNING LAIR
 15376 | Lair:5   | 15376 ||| PLANNING D
 15399 | Lair:5   | 15399 ||| PLANNING LAIR
 15423 | Lair:5   | 15423 ||| PLANNING D
 15455 | Lair:5   | 15455 ||| PLANNING LAIR
 15470 | Lair:5   | 15470 ||| PLANNING D
 15494 | Lair:5   | 15494 ||| PLANNING LAIR
 15517 | Lair:5   | 15517 ||| PLANNING D
 15537 | Lair:5   | 15537 ||| PLANNING LAIR
 15559 | Lair:5   | 15559 ||| PLANNING D
 15586 | Lair:5   | 15586 ||| PLANNING LAIR
 15615 | Lair:5   | 15615 ||| PLANNING D
 15647 | Lair:5   | 15647 ||| PLANNING LAIR
 15678 | Lair:5   | 15678 ||| PLANNING D
 15723 | Lair:5   | 15723 ||| PLANNING LAIR
 15765 | Lair:5   | 15765 ||| PLANNING D
 15801 | Lair:5   | 15801 ||| PLANNING LAIR
 15836 | Lair:5   | 15836 ||| PLANNING D
 15870 | Lair:5   | 15870 ||| PLANNING LAIR
 15906 | Lair:5   | 15906 ||| PLANNING D
 15937 | Lair:5   | 15937 ||| PLANNING LAIR
 15969 | Lair:5   | 15969 ||| PLANNING D
 16008 | Lair:5   | 16008 ||| PLANNING LAIR
 16050 | Lair:5   | 16050 ||| PLANNING D
 16086 | Lair:5   | 16086 ||| PLANNING LAIR
 16124 | Lair:5   | 16124 ||| PLANNING D
 16162 | Lair:5   | 16162 ||| PLANNING LAIR
 16202 | Lair:5   | 16202 ||| PLANNING D
 16256 | Lair:5   | 16256 ||| PLANNING LAIR
 16301 | Lair:5   | 16301 ||| PLANNING D
 16344 | Lair:5   | 16344 ||| PLANNING LAIR
 16389 | Lair:5   | 16389 ||| PLANNING D
 16433 | Lair:5   | 16433 ||| PLANNING LAIR
 16479 | Lair:5   | 16479 ||| PLANNING D
 16530 | Lair:5   | 16530 ||| PLANNING LAIR
 16583 | Lair:5   | 16583 ||| PLANNING D
 16743 | D:12     | Identified the +7 dagger of Suicidal Tendencies {flame,
                  | Str+3 Stlth+}
 16823 | D:12     | 16823 ||| INVOKING Heroism.
 16852 | D:12     | 16852 ||| Stepping ~*~*~tactically~*~*~ (stealth).
 16853 | D:12     | 16853 ||| Stepping ~*~*~tactically~*~*~ (stealth).
 16862 | D:12     | 16862 ||| FLEEEEING.
 16863 | D:12     | 16863 ||| FLEEEEING.
 16864 | D:12     | 16864 ||| FLEEEEING.
 16865 | D:12     | 16865 ||| FLEEEEING.
 16866 | D:12     | 16866 ||| FLEEEEING.
 16867 | D:12     | 16867 ||| FLEEEEING.
 16868 | D:12     | 16868 ||| FLEEEEING.
 16869 | D:12     | 16869 ||| FLEEEEING.
 16870 | D:12     | 16870 ||| FLEEEEING.
 16871 | D:12     | 16871 ||| FLEEEEING.
 16872 | D:12     | 16872 ||| FLEEEEING.
 16874 | D:12     | 16874 ||| FLEEEEING.
 16881 | D:12     | 16881 ||| INVOKING Heroism.
 16942 | D:12     | 16942 ||| FLEEEEING.
 16944 | D:12     | 16944 ||| FLEEEEING.
 17397 | D:12     | 17397 ||| FLEEEEING.
 17398 | D:12     | 17398 ||| FLEEEEING.
 17399 | D:12     | 17399 ||| FLEEEEING.
 17400 | D:12     | 17400 ||| FLEEEEING.
 17401 | D:12     | 17401 ||| FLEEEEING.
 17402 | D:12     | 17402 ||| FLEEEEING.
 17403 | D:12     | 17403 ||| FLEEEEING.
 17404 | D:12     | 17404 ||| FLEEEEING.
 17405 | D:12     | 17405 ||| FLEEEEING.
 17407 | D:12     | 17407 ||| FLEEEEING.
 17408 | D:12     | 17408 ||| FLEEEEING.
 17409 | D:12     | 17409 ||| FLEEEEING.
 17418 | D:12     | Received a gift from Okawaru
 17561 | D:12     | 17561 ||| Stepping ~*~*~tactically~*~*~ (stealth).
 17562 | D:12     | 17562 ||| Stepping ~*~*~tactically~*~*~ (stealth).
 17577 | D:12     | 17577 ||| Stepping ~*~*~tactically~*~*~ (stealth).
 17578 | D:12     | 17578 ||| Stepping ~*~*~tactically~*~*~ (stealth).
 17613 | D:12     | Found a staircase to the Orcish Mines.
 17911 | D:13     | Noticed Kirke
 17912 | D:13     | 17912 ||| INVOKING Heroism.
 17913 | D:13     | 17913 ||| INVOKING Finesse.
 17927 | D:13     | Killed Kirke
 17927 | D:13     | Received a gift from Okawaru
 17928 | D:13     | Reached skill level 15 in Axes
 17978 | D:13     | Found a gate to the Vaults.
 17979 | D:13     | 17979 ||| Stepping ~*~*~tactically~*~*~ (hiding).
 17983 | D:13     | 17983 ||| INVOKING Heroism.
 17984 | D:13     | 17984 ||| INVOKING Finesse.
 17987 | D:13     | 17987 ||| SWAPPING to +5 demon whip "Coff" {freeze, rPois
                  | rN+ rCorr Str+2}.
 17991 | D:13     | 17991 ||| Stepping ~*~*~tactically~*~*~ (outnumbered).
 17996 | D:13     | 17996 ||| SWAPPING to +6 war axe of electrocution.
 18006 | D:13     | Received a gift from Okawaru
 18028 | D:13     | Reached XP level 15. HP: 77/95 MP: 17/22
 18044 | D:13     | 18044 ||| Stepping ~*~*~tactically~*~*~ (stealth).
 18109 | D:13     | 18109 ||| SWAPPING to +0 broad axe.
 18110 | D:13     | 18110 ||| DROPPING +6 war axe of electrocution.
 18112 | D:13     | Noticed Azrael
 18113 | D:13     | 18113 ||| Stepping ~*~*~tactically~*~*~ (hiding).
 18115 | D:13     | 18115 ||| INVOKING Heroism.
 18116 | D:13     | 18116 ||| INVOKING Finesse.
 18131 | D:13     | Killed Azrael
 18171 | D:13     | Noticed Josephine
 18184 | D:13     | Killed Josephine
 18184 | D:13     | Received a gift from Okawaru
 18281 | D:13     | Reached skill level 12 in Fighting
 18334 | D:13     | 18334 ||| Stepping ~*~*~tactically~*~*~ (hiding).
 18752 | D:13     | 18752 ||| Stepping ~*~*~tactically~*~*~ (stealth).
 18762 | D:13     | 18762 ||| INVOKING Heroism.
 18799 | D:13     | Noticed Frances
 18800 | D:13     | 18800 ||| Stepping ~*~*~tactically~*~*~ (hiding).
 18806 | D:13     | 18806 ||| INVOKING Finesse.
 18824 | D:13     | Killed Frances
 19012 | D:14     | 19012 ||| INVOKING Heroism.
 19013 | D:14     | 19013 ||| INVOKING Finesse.
 19015 | D:14     | 19015 ||| SWAPPING to +5 demon whip "Coff" {freeze, rPois
                  | rN+ rCorr Str+2}.
 19021 | D:14     | Reached skill level 6 in Throwing
 19021 | D:14     | 19021 ||| SWAPPING to +0 broad axe.
 19198 | D:14     | 19198 ||| INVOKING Heroism.
 19203 | D:14     | 19203 ||| READING 10 scrolls of teleportation.
 19280 | D:14     | 19280 ||| STAIRDANCE
 19282 | D:13     | Identified the +5 quarterstaff of Cataclysm {drain, rF+
                  | Dex+2} (Okawaru gifted it to you on level 13 of the
                  | Dungeon)
 19282 | D:13     | Received a gift from Okawaru
 19375 | D:14     | 19375 ||| READING scroll of enchant armour.
 19375 | D:14     | 19375 ||| ENCHANTING +4 plate armour.
 19417 | D:14     | 19417 ||| Stepping ~*~*~tactically~*~*~ (hiding).
 19609 | D:14     | 19609 ||| INVOKING Heroism.
 19613 | D:14     | 19613 ||| READING 9 scrolls of teleportation.
 19652 | D:14     | 19652 ||| Stepping ~*~*~tactically~*~*~ (stealth).
 19653 | D:14     | 19653 ||| Stepping ~*~*~tactically~*~*~ (stealth).
 19654 | D:14     | 19654 ||| Stepping ~*~*~tactically~*~*~ (stealth).
 19665 | D:14     | 19665 ||| INVOKING Heroism.
 19926 | D:15     | Entered Level 15 of the Dungeon
 19995 | D:15     | 19995 ||| Stepping ~*~*~tactically~*~*~ (stealth).
 20050 | D:15     | 20050 ||| INVOKING Heroism.
 20083 | D:15     | HP: 16/96 [skeletal warrior/+0 trident (14)]
 20084 | D:15     | 20084 ||| READING 8 scrolls of teleportation.
 20085 | D:15     | 20085 ||| DRINKING 5 potions of heal wounds.
 20270 | D:15     | 20270 ||| READING scroll of enchant weapon.
 20270 | D:15     | 20270 ||| ENCHANTING +0 broad axe.
 20343 | D:15     | 20343 ||| Stepping ~*~*~tactically~*~*~ (stealth).
 20345 | D:15     | 20345 ||| Stepping ~*~*~tactically~*~*~ (hiding).
 20348 | D:15     | 20348 ||| INVOKING Heroism.
 20451 | D:15     | Found a staircase to the Depths.
 20650 | D:15     | 20650 ||| Stepping ~*~*~tactically~*~*~ (stealth).
 20655 | D:15     | 20655 ||| Stepping ~*~*~tactically~*~*~ (stealth).
 20734 | D:15     | 20734 ||| FLEEEEING.
 20737 | D:15     | 20737 ||| INVOKING Heroism.
 20829 | D:15     | 20829 ||| Stepping ~*~*~tactically~*~*~ (stealth).
 20832 | D:15     | 20832 ||| Stepping ~*~*~tactically~*~*~ (stealth).
 20842 | D:15     | 20842 ||| INVOKING Heroism.
 20891 | D:15     | 20891 ||| INVOKING Finesse.
 20970 | D:15     | 20970 ||| Stepping ~*~*~tactically~*~*~ (hiding).
 21207 | D:15     | 21207 ||| READING scroll of enchant weapon.
 21207 | D:15     | 21207 ||| ENCHANTING +1 broad axe.
 21336 | D:15     | 21336 ||| PLANNING ORC
 21336 | D:15     | 21336 ||| DRINKING 2 smoky green potions.
 21417 | Orc:1    | Entered Level 1 of the Orcish Mines
 21430 | Orc:1    | Received a gift from Okawaru
 21448 | Orc:1    | Noticed Harold
 21459 | Orc:1    | Killed Harold
 21474 | Orc:1    | Noticed Maurice
 21483 | Orc:1    | Killed Maurice
 21484 | Orc:1    | Reached XP level 16. HP: 101/101 MP: 23/23
 21556 | Orc:1    | Noticed Erica
 21557 | Orc:1    | 21557 ||| INVOKING Heroism.
 21558 | Orc:1    | 21558 ||| INVOKING Finesse.
 21569 | Orc:1    | Killed Erica
 21597 | Orc:1    | Noticed Jorgrun
 21621 | Orc:1    | 21621 ||| INVOKING Heroism.
 21633 | Orc:1    | Killed Jorgrun
 21829 | Orc:1    | 21829 ||| DROPPING +0 cloak.
 21830 | Orc:1    | 21830 ||| UPGRADING to +2 cloak of willpower.
 21848 | Orc:2    | Entered Level 2 of the Orcish Mines
 21849 | Orc:2    | 21849 ||| INVOKING Heroism.
 21855 | Orc:2    | Gained mutation: You have hidden genetic defects. [a
                  | neqoxec]
 21866 | Orc:2    | Gained mutation: You are occasionally teleported next to
                  | monsters. [a neqoxec]
 21919 | Orc:2    | 21919 ||| DRINKING 2 potions of mutation.
 21919 | Orc:2    | Lost mutation: You are occasionally teleported next to
                  | monsters. [potion of mutation]
 21919 | Orc:2    | Lost mutation: You have hidden genetic defects. [potion of
                  | mutation]
 21919 | Orc:2    | Gained mutation: Your natural rate of healing is unusually
                  | fast. [potion of mutation]
 21919 | Orc:2    | Gained mutation: You are partially covered in iridescent
                  | scales. (AC +2) [potion of mutation]
 21919 | Orc:2    | Gained mutation: You have large cloven feet. [potion of
                  | mutation]
 22136 | Orc:2    | 22136 ||| INVOKING Heroism.
 22143 | Orc:2    | Found Gyotyth's General Store.
 22145 | Orc:2    | Found Tutuk's General Store.
 22189 | Orc:2    | 22189 ||| Stepping ~*~*~tactically~*~*~ (stealth).
 22191 | Orc:2    | 22191 ||| BUYING +2 robe "Ciusuwuxt" {rCorr Int+5} (439
                  | gold).
 22191 | Orc:2    | Bought the +2 robe "Ciusuwuxt" {rCorr Int+5} for 439 gold
                  | pieces
 22191 | Orc:2    | 22191 ||| BUYING potion of curing (39 gold).
 22191 | Orc:2    | Bought a potion of curing for 39 gold pieces
 22191 | Orc:2    | 22191 ||| BUYING potion of haste (130 gold).
 22191 | Orc:2    | Bought a potion of haste for 130 gold pieces
 22193 | Orc:2    | 22193 ||| BUYING potion of haste (160 gold).
 22193 | Orc:2    | Bought a potion of haste for 160 gold pieces
 22193 | Orc:2    | 22193 ||| BUYING scroll of teleportation (48 gold).
 22193 | Orc:2    | Bought a scroll of teleportation for 48 gold pieces
 22255 | Orc:2    | 22255 ||| Stepping ~*~*~tactically~*~*~ (hiding).
 22256 | Orc:2    | 22256 ||| Stepping ~*~*~tactically~*~*~ (hiding).
 22364 | Orc:2    | Found a staircase to the Elven Halls.
 22452 | Orc:2    | Noticed Sonja
 22474 | Orc:2    | 22474 ||| INVOKING Heroism.
 22486 | Orc:2    | 22486 ||| Stepping ~*~*~tactically~*~*~ (hiding).
 22491 | Orc:2    | Killed Sonja
 22602 | Orc:2    | 22602 ||| Stepping ~*~*~tactically~*~*~ (hiding).
 22603 | Orc:2    | 22603 ||| Stepping ~*~*~tactically~*~*~ (hiding).
 22616 | Orc:2    | 22616 ||| Stepping ~*~*~tactically~*~*~ (hiding).
 22733 | Orc:2    | 22733 ||| Stepping ~*~*~tactically~*~*~ (stealth).
 22742 | Orc:2    | Reached skill level 12 in Armour
 22743 | Orc:2    | 22743 ||| Stepping ~*~*~tactically~*~*~ (hiding).
 22787 | Orc:2    | 22787 ||| Stepping ~*~*~tactically~*~*~ (hiding).
 22799 | Orc:2    | 22799 ||| INVOKING Heroism.
 22801 | Orc:2    | 22801 ||| Stepping ~*~*~tactically~*~*~ (hiding).
 22819 | Orc:2    | Gained mutation: Your magical capacity is low. (-10% MP) [a
                  | neqoxec]
 22834 | Orc:2    | Received a gift from Okawaru
 22853 | Orc:2    | 22853 ||| Stepping ~*~*~tactically~*~*~ (hiding).
 22855 | Orc:2    | 22855 ||| INVOKING Heroism.
 22860 | Orc:2    | 22860 ||| Stepping ~*~*~tactically~*~*~ (hiding).
 22878 | Orc:2    | 22878 ||| Stepping ~*~*~tactically~*~*~ (hiding).
 22879 | Orc:2    | 22879 ||| Stepping ~*~*~tactically~*~*~ (hiding).
 22891 | Orc:2    | Received a gift from Okawaru
 22917 | Orc:2    | 22917 ||| INVOKING Heroism.
 22942 | Orc:2    | Found Tyhogefopp's Book Shoppe.
 22942 | Orc:2    | Found Orghoj's Antique Armour Emporium.
 22943 | Orc:2    | 22943 ||| Stepping ~*~*~tactically~*~*~ (hiding).
 23049 | Orc:2    | Found a one-way gate leading to the halls of Pandemonium.
 23053 | Orc:2    | 23053 ||| BUYING runed plate armour (598 gold).
 23053 | Orc:2    | Bought a runed plate armour for 598 gold pieces
 23069 | Orc:2    | 23069 ||| PLANNING SWAMP:1-3
 23069 | Orc:2    | 23069 ||| DROPPING +2 plate armour of positive energy.
 23251 | Swamp:1  | Entered Level 1 of the Swamp
 23252 | Swamp:1  | 23252 ||| INVOKING Heroism.
 23263 | Swamp:1  | Reached skill level 13 in Fighting
 23285 | Swamp:1  | 23285 ||| READING scroll of enchant weapon.
 23285 | Swamp:1  | 23285 ||| ENCHANTING +2 broad axe.
 23397 | Swamp:1  | 23397 ||| Stepping ~*~*~tactically~*~*~ (stealth).
 23398 | Swamp:1  | 23398 ||| Stepping ~*~*~tactically~*~*~ (stealth).
 23399 | Swamp:1  | 23399 ||| Stepping ~*~*~tactically~*~*~ (stealth).
 23400 | Swamp:1  | 23400 ||| Stepping ~*~*~tactically~*~*~ (stealth).
 23491 | Swamp:1  | 23491 ||| INVOKING Heroism.
 23596 | Swamp:1  | 23596 ||| READING scroll of enchant armour.
 23596 | Swamp:1  | 23596 ||| ENCHANTING +5 plate armour.
 23701 | Swamp:1  | 23701 ||| Stepping ~*~*~tactically~*~*~ (hiding).
 23702 | Swamp:1  | 23702 ||| Stepping ~*~*~tactically~*~*~ (hiding).
 23885 | Swamp:2  | 23885 ||| INVOKING Heroism.
 23900 | Swamp:2  | 23900 ||| SWAPPING to +5 demon whip "Coff" {freeze, rPois
                  | rN+ rCorr Str+2}.
 23901 | Swamp:2  | 23901 ||| INVOKING Finesse.
 23905 | Swamp:2  | 23905 ||| SWAPPING to +3 broad axe.
 23958 | Swamp:2  | 23958 ||| FLEEEEING.
 23959 | Swamp:2  | 23959 ||| FLEEEEING.
 23960 | Swamp:2  | 23960 ||| FLEEEEING.
 23961 | Swamp:2  | 23961 ||| FLEEEEING.
 23962 | Swamp:2  | 23962 ||| FLEEEEING.
 23963 | Swamp:2  | 23963 ||| FLEEEEING.
 23964 | Swamp:2  | 23964 ||| FLEEEEING.
 23965 | Swamp:2  | 23965 ||| FLEEEEING.
 23966 | Swamp:2  | 23966 ||| FLEEEEING.
 23967 | Swamp:2  | 23967 ||| FLEEEEING.
 23968 | Swamp:2  | 23968 ||| FLEEEEING.
 23969 | Swamp:2  | 23969 ||| FLEEEEING.
 23970 | Swamp:2  | 23970 ||| FLEEEEING.
 23971 | Swamp:2  | 23971 ||| FLEEEEING.
 23972 | Swamp:2  | 23972 ||| STAIRDANCE
 23990 | Swamp:1  | 23990 ||| READING scroll labelled VYQ BAITOSI.
 24056 | Swamp:2  | 24056 ||| FLEEEEING.
 24057 | Swamp:2  | 24057 ||| FLEEEEING.
 24058 | Swamp:2  | 24058 ||| FLEEEEING.
 24073 | Swamp:2  | 24073 ||| Stepping ~*~*~tactically~*~*~ (hiding).
 24200 | Swamp:2  | 24200 ||| READING scroll of enchant weapon.
 24200 | Swamp:2  | 24200 ||| ENCHANTING +3 broad axe.
 24316 | Swamp:2  | 24316 ||| Stepping ~*~*~tactically~*~*~ (hiding).
 24317 | Swamp:2  | 24317 ||| Stepping ~*~*~tactically~*~*~ (hiding).
 24494 | Swamp:2  | 24494 ||| INVOKING Heroism.
 24585 | Swamp:2  | 24585 ||| INVOKING Heroism.
 24645 | Swamp:2  | 24645 ||| Stepping ~*~*~tactically~*~*~ (hiding).
 24699 | Swamp:2  | 24699 ||| INVOKING Heroism.
 24764 | Swamp:2  | 24764 ||| INVOKING Finesse.
 24770 | Swamp:2  | 24770 ||| SWAPPING to +5 demon whip "Coff" {freeze, rPois
                  | rN+ rCorr Str+2}.
 24774 | Swamp:2  | 24774 ||| INVOKING Heroism.
 24786 | Swamp:2  | 24786 ||| SWAPPING to +4 broad axe.
 24839 | Swamp:2  | 24839 ||| Stepping ~*~*~tactically~*~*~ (hiding).
 24915 | Swamp:2  | 24915 ||| INVOKING Heroism.
 24989 | Swamp:2  | 24989 ||| Stepping ~*~*~tactically~*~*~ (hiding).
 24990 | Swamp:2  | 24990 ||| Stepping ~*~*~tactically~*~*~ (hiding).
 24991 | Swamp:2  | 24991 ||| Stepping ~*~*~tactically~*~*~ (hiding).
 25060 | Swamp:2  | 25060 ||| INVOKING Heroism.
 25131 | Swamp:3  | 25131 ||| Stepping ~*~*~tactically~*~*~ (hiding).
 25133 | Swamp:3  | 25133 ||| Stepping ~*~*~tactically~*~*~ (hiding).
 25137 | Swamp:3  | 25137 ||| Stepping ~*~*~tactically~*~*~ (hiding).
 25147 | Swamp:3  | Reached XP level 17. HP: 108/108 MP: 22/22
 25160 | Swamp:3  | 25160 ||| INVOKING Heroism.
 25161 | Swamp:3  | 25161 ||| Stepping ~*~*~tactically~*~*~ (stealth).
 25162 | Swamp:3  | 25162 ||| Stepping ~*~*~tactically~*~*~ (stealth).
 25163 | Swamp:3  | 25163 ||| SWAPPING to +5 demon whip "Coff" {freeze, rPois
                  | rN+ rCorr Str+2}.
 25171 | Swamp:3  | 25171 ||| SWAPPING to +4 broad axe.
 25174 | Swamp:3  | 25174 ||| SWAPPING to +5 demon whip "Coff" {freeze, rPois
                  | rN+ rCorr Str+2}.
 25179 | Swamp:3  | 25179 ||| SWAPPING to +4 broad axe.
 25230 | Swamp:3  | 25230 ||| READING scroll of enchant weapon.
 25230 | Swamp:3  | 25230 ||| ENCHANTING +4 broad axe.
 25244 | Swamp:3  | 25244 ||| Stepping ~*~*~tactically~*~*~ (hiding).
 25249 | Swamp:3  | 25249 ||| INVOKING Heroism.
 25312 | Swamp:3  | 25312 ||| Stepping ~*~*~tactically~*~*~ (hiding).
 25313 | Swamp:3  | 25313 ||| Stepping ~*~*~tactically~*~*~ (hiding).
 25338 | Swamp:3  | 25338 ||| INVOKING Heroism.
 25344 | Swamp:3  | Reached skill level 18 in Axes
 25369 | Swamp:3  | Received a gift from Okawaru
 25506 | Swamp:3  | 25506 ||| INVOKING Heroism.
 25727 | Swamp:3  | 25727 ||| PLANNING SNAKE:1-3
 25727 | Swamp:3  | 25727 ||| READING 10 scrolls of identify.
 25727 | Swamp:3  | 25727 ||| IDENTIFYING fizzy orange potion
 25799 | Snake:1  | Entered Level 1 of the Snake Pit
 25802 | Snake:1  | 25802 ||| INVOKING Heroism.
 25878 | Snake:1  | Reached skill level 14 in Fighting
 26069 | Snake:1  | 26069 ||| Stepping ~*~*~tactically~*~*~ (hiding).
 26070 | Snake:1  | 26070 ||| Stepping ~*~*~tactically~*~*~ (hiding).
 26189 | Snake:1  | 26189 ||| Stepping ~*~*~tactically~*~*~ (hiding).
 26190 | Snake:1  | 26190 ||| Stepping ~*~*~tactically~*~*~ (hiding).
 26206 | Snake:1  | Found Ruosueli's Vocational Training.
 26237 | Snake:1  | 26237 ||| INVOKING Heroism.
 26273 | Snake:1  | 26273 ||| Stepping ~*~*~tactically~*~*~ (hiding).
 26277 | Snake:1  | Identified the +0 chain mail of the Vaults {+Blink Str+4
                  | Dex-3} (Okawaru gifted it to you on level 1 of the Snake
                  | Pit)
 26277 | Snake:1  | Received a gift from Okawaru
 26294 | Snake:1  | 26294 ||| Stepping ~*~*~tactically~*~*~ (hiding).
 26420 | Snake:1  | 26420 ||| Stepping ~*~*~tactically~*~*~ (hiding).
 26570 | Snake:1  | 26570 ||| Stepping ~*~*~tactically~*~*~ (stealth).
 26662 | Snake:1  | 26662 ||| INVOKING Heroism.
 27034 | Snake:1  | 27034 ||| DROPPING +4 ring of slaying {mikee}.
 27035 | Snake:1  | 27035 ||| READING 10 scrolls of identify.
 27035 | Snake:1  | 27035 ||| IDENTIFYING lumpy black potion
 27036 | Snake:1  | 27036 ||| DROPPING potion of brilliance.
 27122 | Snake:2  | You are sucked into a shaft and drop 1 floor!
 27299 | Snake:3  | Noticed Vashnia
 27299 | Snake:3  | 27299 ||| Stepping ~*~*~tactically~*~*~ (hiding).
 27306 | Snake:3  | 27306 ||| INVOKING Heroism.
 27337 | Snake:3  | 27337 ||| INVOKING Heroism.
 27342 | Snake:3  | Killed Vashnia
 27391 | Snake:3  | 27391 ||| DROPPING +0 morningstar.
 27392 | Snake:3  | 27392 ||| DROPPING +5 demon whip "Coff" {freeze, rPois rN+
                  | rCorr Str+2}.
 27419 | Snake:2  | 27419 ||| Stepping ~*~*~tactically~*~*~ (hiding).
 27489 | Snake:2  | 27489 ||| Stepping ~*~*~tactically~*~*~ (hiding).
 27490 | Snake:2  | 27490 ||| Stepping ~*~*~tactically~*~*~ (hiding).
 27613 | Snake:2  | Found Ruittu's Distillery.
 27621 | Snake:2  | 27621 ||| BUYING 2 potions of cancellation (192 gold).
 27621 | Snake:2  | Bought 2 potions of cancellation for 192 gold pieces
 27621 | Snake:2  | 27621 ||| BUYING potion of curing (36 gold).
 27621 | Snake:2  | Bought a potion of curing for 36 gold pieces
 27621 | Snake:2  | 27621 ||| BUYING potion of curing (36 gold).
 27621 | Snake:2  | Bought a potion of curing for 36 gold pieces
 27621 | Snake:2  | 27621 ||| BUYING potion of haste (120 gold).
 27621 | Snake:2  | Bought a potion of haste for 120 gold pieces
 27621 | Snake:2  | 27621 ||| BUYING potion of heal wounds (60 gold).
 27621 | Snake:2  | Bought a potion of heal wounds for 60 gold pieces
 27621 | Snake:2  | 27621 ||| BUYING potion of might (48 gold).
 27621 | Snake:2  | Bought a potion of might for 48 gold pieces
 27621 | Snake:2  | 27621 ||| BUYING potion of might (48 gold).
 27621 | Snake:2  | Bought a potion of might for 48 gold pieces
 27621 | Snake:2  | 27621 ||| BUYING potion of mutation (96 gold).
 27621 | Snake:2  | Bought a potion of mutation for 96 gold pieces
 27621 | Snake:2  | 27621 ||| BUYING potion of mutation (96 gold).
 27621 | Snake:2  | Bought a potion of mutation for 96 gold pieces
 27621 | Snake:2  | Found Boabby's Magic Scroll Boutique.
 27623 | Snake:2  | 27623 ||| Stepping ~*~*~tactically~*~*~ (hiding).
 27634 | Snake:2  | 27634 ||| BUYING scroll of enchant armour (135 gold).
 27634 | Snake:2  | Bought a scroll of enchant armour for 135 gold pieces
 27634 | Snake:2  | 27634 ||| BUYING scroll of enchant weapon (135 gold).
 27634 | Snake:2  | Bought a scroll of enchant weapon for 135 gold pieces
 27634 | Snake:2  | 27634 ||| BUYING scroll of teleportation (54 gold).
 27634 | Snake:2  | Bought a scroll of teleportation for 54 gold pieces
 27634 | Snake:2  | 27634 ||| BUYING scroll of teleportation (54 gold).
 27634 | Snake:2  | Bought a scroll of teleportation for 54 gold pieces
 27634 | Snake:2  | 27634 ||| READING scroll of enchant armour.
 27634 | Snake:2  | 27634 ||| ENCHANTING +6 plate armour.
 27635 | Snake:2  | 27635 ||| READING scroll of enchant weapon.
 27635 | Snake:2  | 27635 ||| ENCHANTING +5 broad axe.
 27734 | Snake:2  | 27734 ||| Stepping ~*~*~tactically~*~*~ (hiding).
 27736 | Snake:2  | 27736 ||| Stepping ~*~*~tactically~*~*~ (hiding).
 27738 | Snake:2  | 27738 ||| Stepping ~*~*~tactically~*~*~ (hiding).
 27741 | Snake:2  | 27741 ||| Stepping ~*~*~tactically~*~*~ (hiding).
 27774 | Snake:2  | 27774 ||| Stepping ~*~*~tactically~*~*~ (hiding).
 27804 | Snake:2  | 27804 ||| Stepping ~*~*~tactically~*~*~ (hiding).
 27808 | Snake:2  | 27808 ||| INVOKING Heroism.
 27817 | Snake:2  | Reached skill level 15 in Fighting
 27844 | Snake:2  | 27844 ||| INVOKING Heroism.
 28120 | Snake:3  | Noticed Mara
 28121 | Snake:3  | 28121 ||| Stepping ~*~*~tactically~*~*~ (hiding).
 28123 | Snake:3  | 28123 ||| Stepping ~*~*~tactically~*~*~ (hiding).
 28126 | Snake:3  | 28126 ||| INVOKING Heroism.
 28127 | Snake:3  | 28127 ||| INVOKING Finesse.
 28134 | Snake:3  | Noticed qw's illusion
 28137 | Snake:3  | 28137 ||| Stepping ~*~*~tactically~*~*~ (hiding).
 28162 | Snake:3  | 28162 ||| INVOKING Heroism.
 28170 | Snake:3  | Noticed qw's illusion
 28190 | Snake:3  | 28190 ||| Stepping ~*~*~tactically~*~*~ (hiding).
 28195 | Snake:3  | 28195 ||| INVOKING Heroism.
 28198 | Snake:3  | Noticed qw's illusion
 28206 | Snake:3  | 28206 ||| Stepping ~*~*~tactically~*~*~ (hiding).
 28226 | Snake:3  | Killed Mara
 28226 | Snake:3  | Received a gift from Okawaru
 28227 | Snake:3  | Reached XP level 18. HP: 113/119 MP: 3/22
 28232 | Snake:3  | 28232 ||| DROPPING +0 hand axe of flaming.
 28366 | Snake:3  | 28366 ||| INVOKING Heroism.
 28389 | Snake:3  | 28389 ||| Stepping ~*~*~tactically~*~*~ (hiding).
 28404 | Snake:3  | 28404 ||| Stepping ~*~*~tactically~*~*~ (hiding).
 28465 | Snake:3  | 28465 ||| Stepping ~*~*~tactically~*~*~ (hiding).
 28466 | Snake:3  | 28466 ||| Stepping ~*~*~tactically~*~*~ (hiding).
 28469 | Snake:3  | 28469 ||| Stepping ~*~*~tactically~*~*~ (hiding).
 28470 | Snake:3  | 28470 ||| Stepping ~*~*~tactically~*~*~ (hiding).
 28472 | Snake:3  | 28472 ||| INVOKING Heroism.
 28907 | Snake:3  | Noticed Aizul
 28908 | Snake:3  | 28908 ||| INVOKING Heroism.
 28922 | Snake:3  | Killed Aizul
 28950 | Snake:3  | 28950 ||| PLANNING SWAMP:4
 28950 | Snake:3  | 28950 ||| DROPPING +2 hat.
 29091 | Swamp:4  | Entered Level 4 of the Swamp
 29093 | Swamp:4  | 29093 ||| Stepping ~*~*~tactically~*~*~ (hiding).
 29119 | Swamp:4  | Received a gift from Okawaru
 29125 | Swamp:4  | 29125 ||| INVOKING Heroism.
 29130 | Swamp:4  | 29130 ||| Stepping ~*~*~tactically~*~*~ (stealth).
 29152 | Swamp:4  | 29152 ||| Stepping ~*~*~tactically~*~*~ (hiding).
 29191 | Swamp:4  | 29191 ||| INVOKING Heroism.
 29204 | Swamp:4  | Reached skill level 15 in Armour
 29221 | Swamp:4  | 29221 ||| Stepping ~*~*~tactically~*~*~ (hiding).
 29225 | Swamp:4  | 29225 ||| Stepping ~*~*~tactically~*~*~ (stealth).
 29226 | Swamp:4  | 29226 ||| Stepping ~*~*~tactically~*~*~ (stealth).
 29234 | Swamp:4  | 29234 ||| INVOKING Heroism.
 29246 | Swamp:4  | 29246 ||| Stepping ~*~*~tactically~*~*~ (hiding).
 29354 | Swamp:4  | 29354 ||| READING scroll of enchant armour.
 29354 | Swamp:4  | 29354 ||| ENCHANTING +7 plate armour.
 29366 | Swamp:4  | 29366 ||| FLEEEEING.
 29367 | Swamp:4  | 29367 ||| FLEEEEING.
 29368 | Swamp:4  | 29368 ||| FLEEEEING.
 29370 | Swamp:4  | 29370 ||| FLEEEEING.
 29371 | Swamp:4  | 29371 ||| FLEEEEING.
 29372 | Swamp:4  | 29372 ||| FLEEEEING.
 29373 | Swamp:4  | 29373 ||| FLEEEEING.
 29374 | Swamp:4  | 29374 ||| INVOKING Heroism.
 29574 | Swamp:4  | 29574 ||| Stepping ~*~*~tactically~*~*~ (hiding).
 29585 | Swamp:4  | Noticed the 27-headed Lernaean hydra
 29586 | Swamp:4  | 29586 ||| Stepping ~*~*~tactically~*~*~ (hiding).
 29589 | Swamp:4  | 29589 ||| INVOKING Heroism.
 29600 | Swamp:4  | Killed the 26-headed Lernaean hydra
 29603 | Swamp:4  | HP: 26/119 [nine-headed hydra (9)]
 29604 | Swamp:4  | 29604 ||| READING 10 scrolls of teleportation.
 29605 | Swamp:4  | 29605 ||| DRINKING 6 potions of heal wounds.
 29696 | Swamp:4  | 29696 ||| Stepping ~*~*~tactically~*~*~ (hiding).
 29788 | Swamp:4  | 29788 ||| INVOKING Heroism.
 29791 | Swamp:4  | Reached skill level 15 in Shields
 29826 | Swamp:4  | 29826 ||| Stepping ~*~*~tactically~*~*~ (stealth).
 29832 | Swamp:4  | 29832 ||| Stepping ~*~*~tactically~*~*~ (hiding).
 29849 | Swamp:4  | 29849 ||| Stepping ~*~*~tactically~*~*~ (stealth).
 29851 | Swamp:4  | 29851 ||| INVOKING Heroism.
 29865 | Swamp:4  | 29865 ||| Stepping ~*~*~tactically~*~*~ (stealth).
 29872 | Swamp:4  | 29872 ||| Stepping ~*~*~tactically~*~*~ (stealth).
 29887 | Swamp:4  | 29887 ||| Stepping ~*~*~tactically~*~*~ (hiding).
 29921 | Swamp:4  | 29921 ||| Stepping ~*~*~tactically~*~*~ (hiding).
 29922 | Swamp:4  | 29922 ||| Stepping ~*~*~tactically~*~*~ (hiding).
 29930 | Swamp:4  | 29930 ||| Stepping ~*~*~tactically~*~*~ (hiding).
 29991 | Swamp:4  | 29991 ||| Stepping ~*~*~tactically~*~*~ (hiding).
 30015 | Swamp:4  | Got a decaying rune of Zot
 30108 | Swamp:4  | 30108 ||| PLANNING VAULTS:1-4
 30108 | Swamp:4  | 30108 ||| DROPPING +2 pair of boots.
 30302 | Vaults:1 | Entered Level 1 of the Vaults
 30303 | Vaults:1 | Found Retyajut's Distillery.
 30309 | Vaults:1 | 30309 ||| BUYING 2 potions of curing (120 gold).
 30309 | Vaults:1 | Bought 2 potions of curing for 120 gold pieces
 30309 | Vaults:1 | 30309 ||| BUYING potion of curing (60 gold).
 30309 | Vaults:1 | Bought a potion of curing for 60 gold pieces
 30309 | Vaults:1 | 30309 ||| SHOPLISTING potion of enlightenment (100 gold,
                  | have 72).
 30309 | Vaults:1 | 30309 ||| SHOPLISTING potion of heal wounds (100 gold, have
                  | 72).
 30309 | Vaults:1 | 30309 ||| SHOPLISTING potion of might (80 gold, have 72).
 30415 | Vaults:1 | 30415 ||| Stepping ~*~*~tactically~*~*~ (hiding).
 30416 | Vaults:1 | 30416 ||| Stepping ~*~*~tactically~*~*~ (hiding).
 30417 | Vaults:1 | 30417 ||| Stepping ~*~*~tactically~*~*~ (hiding).
 30424 | Vaults:1 | Reached skill level 9 in Throwing
 30559 | Vaults:1 | 30559 ||| Stepping ~*~*~tactically~*~*~ (stealth).
 30847 | Vaults:1 | 30847 ||| Stepping ~*~*~tactically~*~*~ (stealth).
 31001 | Vaults:1 | Reached skill level 16 in Fighting
 31025 | Vaults:1 | 31025 ||| FLEEEEING.
 31026 | Vaults:1 | 31026 ||| FLEEEEING.
 31027 | Vaults:1 | 31027 ||| FLEEEEING.
 31028 | Vaults:1 | 31028 ||| FLEEEEING.
 31029 | Vaults:1 | 31029 ||| FLEEEEING.
 31030 | Vaults:1 | 31030 ||| FLEEEEING.
 31031 | Vaults:1 | 31031 ||| FLEEEEING.
 31032 | Vaults:1 | 31032 ||| FLEEEEING.
 31033 | Vaults:1 | 31033 ||| FLEEEEING.
 31035 | Vaults:1 | 31035 ||| FLEEEEING.
 31036 | Vaults:1 | 31036 ||| FLEEEEING.
 31037 | Vaults:1 | 31037 ||| FLEEEEING.
 31038 | Vaults:1 | 31038 ||| FLEEEEING.
 31039 | Vaults:1 | 31039 ||| FLEEEEING.
 31040 | Vaults:1 | 31040 ||| FLEEEEING.
 31041 | Vaults:1 | 31041 ||| FLEEEEING.
 31042 | Vaults:1 | 31042 ||| FLEEEEING.
 31043 | Vaults:1 | 31043 ||| FLEEEEING.
 31044 | Vaults:1 | 31044 ||| FLEEEEING.
 31045 | Vaults:1 | 31045 ||| FLEEEEING.
 31057 | Vaults:1 | Identified the +8 arbalest of Wahuakku {flame, Dex+8}
 31058 | Vaults:1 | Identified the +7 arbalest of Kauquec {penet, Drain Fly
                  | rElec Int+3}
 31215 | Vaults:1 | 31215 ||| Stepping ~*~*~tactically~*~*~ (hiding).
 31217 | Vaults:1 | 31217 ||| Stepping ~*~*~tactically~*~*~ (hiding).
 31223 | Vaults:1 | 31223 ||| Stepping ~*~*~tactically~*~*~ (hiding).
 31279 | Vaults:1 | Found a portal to a secret trove of treasure.
 31389 | Vaults:1 | 31389 ||| Stepping ~*~*~tactically~*~*~ (hiding).
 31390 | Vaults:1 | 31390 ||| Stepping ~*~*~tactically~*~*~ (hiding).
 31505 | Vaults:1 | 31505 ||| Stepping ~*~*~tactically~*~*~ (stealth).
 31506 | Vaults:1 | 31506 ||| Stepping ~*~*~tactically~*~*~ (stealth).
 31509 | Vaults:1 | 31509 ||| Stepping ~*~*~tactically~*~*~ (stealth).
 31522 | Vaults:1 | 31522 ||| Stepping ~*~*~tactically~*~*~ (stealth).
 31651 | Vaults:1 | Received a gift from Okawaru
 31667 | Vaults:1 | 31667 ||| SWAPPING to +1 vampiric war axe.
 31733 | Vaults:1 | Found a large runed translucent door.
 31733 | Vaults:1 | Found a large runed translucent door.
 31733 | Vaults:1 | Found a large runed translucent door.
 31733 | Vaults:1 | Found a large runed translucent door.
 31733 | Vaults:1 | Noticed crisisinutopia's ghost (adept MiFi)
 31735 | Vaults:1 | Found a large runed translucent door.
 31759 | Vaults:1 | Found a large runed translucent door.
 31760 | Vaults:1 | Found a large runed translucent door.
 31760 | Vaults:1 | Found a large runed translucent door.
 33166 | Vaults:2 | Reached XP level 19. HP: 120/127 MP: 23/23
 33196 | Vaults:2 | 33196 ||| INVOKING Heroism.
 33240 | Vaults:2 | Reached skill level 17 in Fighting
 33287 | Vaults:2 | Received a gift from Okawaru
 33342 | Vaults:2 | 33342 ||| Stepping ~*~*~tactically~*~*~ (hiding).
 33375 | Vaults:2 | Noticed a bone dragon
 33402 | Vaults:2 | Killed a bone dragon
 33402 | Vaults:2 | Received a gift from Okawaru
 33405 | Vaults:2 | Found a staircase to the Crypt.
 33482 | Vaults:2 | 33482 ||| Stepping ~*~*~tactically~*~*~ (hiding).
 33515 | Vaults:2 | 33515 ||| Stepping ~*~*~tactically~*~*~ (hiding).
 33516 | Vaults:2 | 33516 ||| Stepping ~*~*~tactically~*~*~ (hiding).
 33517 | Vaults:2 | 33517 ||| Stepping ~*~*~tactically~*~*~ (hiding).
 33519 | Vaults:2 | 33519 ||| Stepping ~*~*~tactically~*~*~ (hiding).
 33525 | Vaults:2 | 33525 ||| Stepping ~*~*~tactically~*~*~ (hiding).
 33526 | Vaults:2 | 33526 ||| Stepping ~*~*~tactically~*~*~ (hiding).
 33527 | Vaults:2 | 33527 ||| Stepping ~*~*~tactically~*~*~ (hiding).
 33585 | Vaults:2 | Reached ****** piety under Okawaru
 33598 | Vaults:2 | Identified the +4 chain mail "Oreerhes" {+Inv rElec Regen+
                  | rCorr} (Okawaru gifted it to you on level 2 of the Vaults)
 33598 | Vaults:2 | Received a gift from Okawaru
 33642 | Vaults:2 | 33642 ||| FLEEEEING.
 33643 | Vaults:2 | 33643 ||| FLEEEEING.
 33644 | Vaults:2 | 33644 ||| FLEEEEING.
 33645 | Vaults:2 | 33645 ||| FLEEEEING.
 33646 | Vaults:2 | 33646 ||| FLEEEEING.
 33647 | Vaults:2 | 33647 ||| FLEEEEING.
 33649 | Vaults:2 | 33649 ||| FLEEEEING.
 33650 | Vaults:2 | 33650 ||| FLEEEEING.
 33651 | Vaults:2 | 33651 ||| FLEEEEING.
 33652 | Vaults:2 | 33652 ||| FLEEEEING.
 33653 | Vaults:2 | 33653 ||| FLEEEEING.
 33654 | Vaults:2 | 33654 ||| FLEEEEING.
 33663 | Vaults:2 | 33663 ||| FLEEEEING.
 33664 | Vaults:2 | 33664 ||| FLEEEEING.
 33665 | Vaults:2 | 33665 ||| FLEEEEING.
 33666 | Vaults:2 | 33666 ||| FLEEEEING.
 33667 | Vaults:2 | 33667 ||| FLEEEEING.
 33668 | Vaults:2 | 33668 ||| FLEEEEING.
 33669 | Vaults:2 | 33669 ||| FLEEEEING.
 33818 | Vaults:2 | 33818 ||| Stepping ~*~*~tactically~*~*~ (stealth).
 33819 | Vaults:2 | 33819 ||| Stepping ~*~*~tactically~*~*~ (stealth).
 33822 | Vaults:2 | 33822 ||| Stepping ~*~*~tactically~*~*~ (hiding).
 33862 | Vaults:2 | 33862 ||| Stepping ~*~*~tactically~*~*~ (stealth).
 33866 | Vaults:2 | 33866 ||| Stepping ~*~*~tactically~*~*~ (hiding).
 33893 | Vaults:2 | 33893 ||| Stepping ~*~*~tactically~*~*~ (hiding).
 33894 | Vaults:2 | 33894 ||| Stepping ~*~*~tactically~*~*~ (hiding).
 34037 | Vaults:2 | 34037 ||| Stepping ~*~*~tactically~*~*~ (hiding).
 34116 | Vaults:2 | 34116 ||| Stepping ~*~*~tactically~*~*~ (hiding).
 34117 | Vaults:2 | 34117 ||| Stepping ~*~*~tactically~*~*~ (hiding).
 34176 | Vaults:2 | 34176 ||| Stepping ~*~*~tactically~*~*~ (hiding).
 34177 | Vaults:2 | 34177 ||| Stepping ~*~*~tactically~*~*~ (hiding).
 34446 | Vaults:2 | 34446 ||| Stepping ~*~*~tactically~*~*~ (hiding).
 34665 | Vaults:2 | 34665 ||| DROPPING +2 robe "Ciusuwuxt" {rCorr Int+5}.
 34718 | Vaults:3 | 34718 ||| PLANNING DESOLATION
 34795 | Vaults:3 | 34795 ||| Stepping ~*~*~tactically~*~*~ (hiding).
 34859 | Vaults:3 | 34859 ||| Stepping ~*~*~tactically~*~*~ (hiding).
 34861 | Vaults:3 | 34861 ||| Stepping ~*~*~tactically~*~*~ (hiding).
 34863 | Vaults:3 | 34863 ||| Stepping ~*~*~tactically~*~*~ (hiding).
 34938 | Vaults:3 | Reached skill level 18 in Fighting
 34981 | Vaults:3 | 34981 ||| Stepping ~*~*~tactically~*~*~ (hiding).
 34983 | Vaults:3 | 34983 ||| Stepping ~*~*~tactically~*~*~ (hiding).
 34984 | Vaults:3 | 34984 ||| Stepping ~*~*~tactically~*~*~ (hiding).
 34998 | Vaults:3 | 34998 ||| Stepping ~*~*~tactically~*~*~ (hiding).
 35002 | Vaults:3 | 35002 ||| Stepping ~*~*~tactically~*~*~ (stealth).
 35082 | Vaults:3 | Received a gift from Okawaru
 35170 | Vaults:3 | 35170 ||| DROPPING +2 war axe of freezing.
 35202 | Vaults:3 | Reached XP level 20. HP: 136/136 MP: 24/24
 35253 | Vaults:3 | Reached skill level 18 in Armour
 35490 | Vaults:3 | 35490 ||| RIP DESOLATION
 35497 | Vaults:3 | 35497 ||| PLANNING VAULTS:1-4
 35568 | Vaults:3 | 35568 ||| INVOKING Heroism.
 35608 | Vaults:3 | Identified the scarf "Hank" {+Inv, Int+2} (Okawaru gifted
                  | it to you on level 3 of the Vaults)
 35608 | Vaults:3 | Received a gift from Okawaru
 35661 | Vaults:3 | 35661 ||| Stepping ~*~*~tactically~*~*~ (hiding).
 35697 | Vaults:3 | 35697 ||| Stepping ~*~*~tactically~*~*~ (hiding).
 36149 | Vaults:3 | 36149 ||| DROPPING +2 pair of boots.
 36150 | Vaults:3 | 36150 ||| DROPPING scarf "Hank" {+Inv, Int+2}.
 36192 | Vaults:4 | 36192 ||| PLANNING WIZLAB
 36244 | Vaults:4 | 36244 ||| INVOKING Heroism.
 36247 | Vaults:4 | 36247 ||| Stepping ~*~*~tactically~*~*~ (hiding).
 36292 | Vaults:4 | Identified the +10 orcbow "Ozothrare" {freeze, *Corrode
                  | rPois Str+5}
 36323 | Vaults:4 | Noticed Jory
 36362 | Vaults:4 | Killed Jory
 36445 | Vaults:4 | 36445 ||| Stepping ~*~*~tactically~*~*~ (hiding).
 36450 | Vaults:4 | 36450 ||| Stepping ~*~*~tactically~*~*~ (stealth).
 36452 | Vaults:4 | 36452 ||| Stepping ~*~*~tactically~*~*~ (hiding).
 36454 | Vaults:4 | 36454 ||| Stepping ~*~*~tactically~*~*~ (hiding).
 36467 | Vaults:4 | Reached skill level 19 in Fighting
 36485 | Vaults:4 | Found a magical portal.
 36493 | Vaults:4 | Noticed Boris
 36498 | Vaults:4 | 36498 ||| PLANNING WIZLAB
 36498 | Vaults:4 | 36498 ||| DROPPING scarf of resistance.
 36527 | Vaults:4 | Killed Boris
 36558 | WizLab   | Entered Wucad Mu's Monastery
 36643 | WizLab   | 36643 ||| INVOKING Heroism.
 36743 | WizLab   | 36743 ||| INVOKING Heroism.
 36821 | WizLab   | HP: 27/139 [grey draconian monk[old memories] (14)]
 36822 | WizLab   | 36822 ||| READING 10 scrolls of teleportation.
 36823 | WizLab   | 36823 ||| DRINKING 7 potions of heal wounds.
 36824 | WizLab   | 36824 ||| DRINKING 6 potions of heal wounds.
 36825 | WizLab   | 36825 ||| INVOKING Heroism.
 36907 | WizLab   | 36907 ||| INVOKING Heroism.
 37473 | WizLab   | 37473 ||| INVOKING Heroism.
 37517 | WizLab   | 37517 ||| INVOKING Heroism.
 37599 | WizLab   | 37599 ||| INVOKING Heroism.
 37670 | WizLab   | 37670 ||| INVOKING Heroism.
 37706 | WizLab   | HP: 33/139 [grey draconian monk[old memories] (9)]
 37707 | WizLab   | 37707 ||| READING 9 scrolls of teleportation.
 37708 | WizLab   | 37708 ||| DRINKING 5 potions of heal wounds.
 37743 | WizLab   | 37743 ||| INVOKING Heroism.
 37855 | WizLab   | 37855 ||| INVOKING Heroism.
 38021 | WizLab   | 38021 ||| INVOKING Heroism.
 38036 | WizLab   | HP: 33/139 [grey draconian monk[old memories] (17)]
 38037 | WizLab   | 38037 ||| READING 8 scrolls of teleportation.
 38038 | WizLab   | 38038 ||| DRINKING 4 potions of heal wounds.
 38044 | WizLab   | 38044 ||| FLEEEEING.
 38045 | WizLab   | 38045 ||| FLEEEEING.
 38046 | WizLab   | 38046 ||| FLEEEEING.
 38047 | WizLab   | 38047 ||| FLEEEEING.
 38048 | WizLab   | 38048 ||| FLEEEEING.
 38075 | WizLab   | 38075 ||| INVOKING Heroism.
 38316 | WizLab   | Found the crystal ball of Wucad Mu {*channel}
 38337 | WizLab   | 38337 ||| INVOKING Heroism.
 38350 | WizLab   | HP: 28/139 [demonspawn[the Statue of Wucad Mu] (10)]
 38351 | WizLab   | 38351 ||| READING 7 scrolls of teleportation.
 38352 | WizLab   | 38352 ||| DRINKING 3 potions of heal wounds.
 38388 | WizLab   | 38388 ||| INVOKING Heroism.
 38477 | WizLab   | 38477 ||| INVOKING Heroism.
 38498 | WizLab   | HP: 32/139 [grey draconian monk[old memories] (5)]
 38499 | WizLab   | 38499 ||| READING 6 scrolls of teleportation.
 38500 | WizLab   | 38500 ||| DRINKING 2 potions of heal wounds.
 38513 | WizLab   | 38513 ||| INVOKING Heroism.
 38645 | WizLab   | 38645 ||| INVOKING Heroism.
 38828 | WizLab   | 38828 ||| INVOKING Heroism.
 38910 | WizLab   | 38910 ||| INVOKING Heroism.
 38949 | WizLab   | 38949 ||| INVOKING Heroism.
 39003 | WizLab   | 39003 ||| INVOKING Heroism.
 39050 | WizLab   | 39050 ||| DRINKING potion of experience.
 39050 | WizLab   | Reached XP level 21. HP: 144/144 MP: 25/25
 39173 | WizLab   | 39173 ||| FLEEEEING.
 39174 | WizLab   | 39174 ||| FLEEEEING.
 39194 | WizLab   | 39194 ||| INVOKING Heroism.
 39448 | WizLab   | 39448 ||| FLEEEEING.
 39450 | WizLab   | 39450 ||| FLEEEEING.
 39451 | WizLab   | 39451 ||| FLEEEEING.
 39908 | WizLab   | 39908 ||| INVOKING Heroism.
 40022 | WizLab   | 40022 ||| INVOKING Heroism.
 40070 | WizLab   | HP: 30/144 [grey draconian monk[old memories] (10)]
 40071 | WizLab   | 40071 ||| READING 5 scrolls of teleportation.
 40072 | WizLab   | 40072 ||| DRINKING potion of heal wounds.
 40073 | WizLab   | 40073 ||| INVOKING Heroism.
 40095 | WizLab   | 40095 ||| INVOKING Heroism.
 40175 | WizLab   | 40175 ||| INVOKING Heroism.
 40201 | WizLab   | HP: 30/144 [grey draconian monk[old memories] (8)]
 40202 | WizLab   | 40202 ||| READING 4 scrolls of teleportation.
 40243 | WizLab   | 40243 ||| INVOKING Heroism.
 40311 | WizLab   | 40311 ||| INVOKING Heroism.
 40378 | WizLab   | 40378 ||| INVOKING Heroism.
 40488 | WizLab   | 40488 ||| INVOKING Heroism.
 40502 | WizLab   | HP: 19/144 [grey draconian monk[old memories] (20)]
 40503 | WizLab   | 40503 ||| READING 3 scrolls of teleportation.
 40507 | WizLab   | HP: 6/144 [deep troll[old memories] (9)]
 40512 | WizLab   | 40512 ||| READING 2 scrolls of teleportation.
 40514 | WizLab   | HP: 8/144 [deep troll[old memories] (5)]
 40519 | WizLab   | 40519 ||| READING scroll of teleportation.
 40521 | WizLab   | HP: 12/144 [grey draconian monk[old memories] (3)]
 40522 | WizLab   | HP: 1/144 [grey draconian monk[old memories] (12)]
 40522 | WizLab   | Slain by a grey draconian monk

Levels and vault maps discovered:
D:1:      dpeg_arrival_connections, layout_basic
D:2:      layout_rooms, shapermc_ecumenical_altar_totnotflames,
          minmay_tromino_v2
D:3:      layout_loops_ring, uniq_ijyb
D:4:      minmay_inner_zag, layout_loops_ring, uniq_sigmund, uniq_menkaure
D:5:      layout_basic, nicolae_letterblocks [nicolae_letter_subblock,
          nicolae_letter_subblock, nicolae_letter_subblock,
          nicolae_letter_subblock, nicolae_letter_subblock,
          nicolae_letter_subblock, nicolae_letter_subblock,
          nicolae_letter_subblock, nicolae_letter_subblock,
          nicolae_letter_subblock, nicolae_letter_subblock,
          nicolae_letter_subblock, nicolae_letter_subblock,
          nicolae_letter_subblock, nicolae_letter_subblock,
          nicolae_letter_subblock, nicolae_letter_subblock,
          nicolae_letter_subblock, nicolae_letter_subblock,
          nicolae_letter_subblock, nicolae_letter_subblock,
          nicolae_letter_subblock, nicolae_letter_subblock,
          nicolae_letter_subblock, nicolae_letter_subblock], uniq_edmund
D:6:      layout_layer_cave, minmay_misc_feat_secret_circle
D:7:      layout_cave_pools, enter_bailey_2, serial_shops, nicolae_shop_trees,
          hangedman_decor_opposing, uniq_duvessa
D:8:      layout_loops_corners, hangedman_decor_peaks_small, the_hattery,
          uniq_psyche
D:9:      layout_gridville, nemelex_spade_bored_becter, serial_shops, shop
D:10:     minmay_the_grid_octo_triangle [minmay_the_grid_octo_tetromino_candy,
          minmay_the_grid_octo_prize_single_spiral,
          minmay_the_grid_octo_fan_narrow], layout_irregular_city, minitemple
D:11:     layout_roguey, lair_entry_dummy, gauntlet_entry_generic,
          ashenzari_conservatory_becter
D:12:     layout_basic, orc_david_3, minmay_bent
D:13:     layout_irregular_city, lightli_vaults_fourway_checkpoint, uniq_azrael,
          uniq_josephine, uniq_frances, uniq_kirke
D:14:     layout_roguey, nicolae_titane
D:15:     hangedman_depths_entry_civil_slaughter, layout_cave_pods,
          nrook_campfire, minmay_misc_feat_columns
Temple:   nicolae_temple_bog_church
Lair:1:   layout_regular_city, grunt_megastairs_1, infiniplex_staircase_pool,
          uniq_prince_ribbit2
Lair:2:   layout_regular_city, gammafunk_ghost_necromancy,
          grunt_forest_large_clearing_hut, grunt_megastairs_2
Lair:3:   layout_gridlike, swamp_mist, minmay_snake_entry_guardpost_medium,
          special_room [special_room_bee], minivault_25, grunt_megastairs_3,
          lemuel_fruit_tree
Lair:4:   layout_cellular_growth, minmay_stone_trees_small
Lair:5:   minmay_lair_end_enchanted_forest, layout_gridlike,
          dpeg_slime_entry_enclosed, portal_ice_cave_entry_ice_simulacra,
          gammafunk_ghost_cemetery, infiniplex_staircase_pool_2,
          serial_bayou_shore_b, grunt_megastairs_4
Swamp:1:  layout_falls_marsh, hangedman_swamp_lotus
Swamp:2:  nzn_winding_woodlands_medium [nzn_winding_woodlands_5x5_default,
          nzn_winding_woodlands_5x15_twine, nzn_winding_woodlands_hourglass,
          nzn_winding_woodlands_5x5_open_star,
          nzn_winding_woodlands_center_diamonds,
          nzn_winding_woodlands_5x5_perimeter, nzn_winding_woodlands_5x5_three,
          nzn_winding_woodlands_5x15_default,
          nzn_winding_woodlands_5x5_default], layout_basic_swamp,
          serial_swamp_ruin, evilmike_swamp_ruin_rubble_1,
          evilmike_swamp_ruin_house_5, evilmike_swamp_ruin_house_1, swamp_pool3
Swamp:3:  nicolae_swamp_decorative_isthmus, layout_falls_marsh,
          nicolae_swamp_little_swirl
Swamp:4:  swamp_old_school, layout_basic_swamp, swamp_pool5,
          nzn_swamp_dancing_lights
Snake:1:  layout_onion, nicolae_shop_vocational, grunt_megastairs_5
Snake:2:  layout_basic, minmay_shop_star
Snake:3:  layout_basic, uniq_aizul, uniq_mara, uniq_vashnia
Orc:1:    layout_caves, uniq_maurice, uniq_erica, uniq_harold, uniq_jorgrun
Orc:2:    pf_orc_diabolical, layout_caves, nicolae_orc_tapped_out, uniq_sonja
Vaults:1: advil_vaults_ghost_lines, nicolae_vaults_tangram_1,
          hangedman_vaults_stretched_pinwheel, nicolae_vaults_storage_closets_3,
          nicolae_vaults_yaktaur_gun_rack, nicolae_vaults_trapezoid_layered,
          ontoclasm_vaults_pinch, vaults_dpeg_diagonal, nicolae_vaults_asterisk,
          ontoclasm_vaults_twist, layout_vaults_quadrants, serial_shops,
          nicolae_square_shop, nicolae_trove_entry_path_of_doom
Vaults:2: minmay_crypt_entry_nasty_monster, nicolae_vaults_big_ls, v_misc_27,
          nicolae_vaults_wrenched, hangedman_vaults_slither, grunt_vaults_focal,
          vaults_mumra_hex, nicolae_vaults_sealed_display,
          nicolae_vaults_trapezoid_lopsided_4, vaults_dpeg_ring,
          vaults_room_large_hall, st_more_cells, nicolae_vaults_shelves_hall,
          nicolae_vaults_diamond_2, nicolae_vaults_trapezoid_1,
          nicolae_vaults_tetromino_Z_1, layout_vaults_omnibox
Vaults:3: portal_desolation_entry_salt, hangedman_vaults_variations,
          special_room_vaults [special_room_orc], vaults_room_semicircle,
          nicolae_vaults_door_testing_chamber, ontoclasm_vaults_chip,
          nicolae_vaults_octothorpe, v_alt_pattern_3,
          nicolae_vaults_closet_pinwheel_3, nicolae_vaults_trapezoid_lopsided_1,
          nicolae_vaults_wine_cellar, layout_vaults_omnicross
Vaults:4: infiniplex_enter_wizlab_glasses, vaults_room_pools,
          vaults_room_door_ring, nicolae_vaults_diamond_2,
          nicolae_vaults_more_shelving_1, st_squares, vaults_room_door_hall,
          v_misc_24, hangedman_vaults_restitches, nicolae_vaults_trapezoid_2,
          v_misc_5, layout_vaults_maze_snakey, uniq_margery, uniq_jory,
          uniq_boris
WizLab:   wizlab_wucad

Skill      XL: |  1  2  3  4  5  6  7  8  9 10 11 12 13 14 15 16 17 18 19 20 |
---------------+-------------------------------------------------------------+-----
Axes           | 2 3 4 5 6 7 8 10 11 12 13 15 16 17 18 | 18.0
Shields        | 5 6 8 9 10 11 12 13 14 15 16 17 | 17.3
Dodging        | 1 2 3 4 5 |  5.0
Fighting       | 4 5 6 8 9 10 11 12 13 15 16 18 19 | 19.0
Invocations    | 2 4 7 10 | 10.0
Throwing       | 1 4 6 7 8 9 |  9.0
Armour         | 5 6 7 8 10 11 13 14 16 17 18 | 18.0

Action                     |  1- 3 |  4- 6 |  7- 9 | 10-12 | 13-15 | 16-18 | 19-21 || total
---------------------------+-------+-------+-------+-------+-------+-------+-------++-------
  Melee: War axe           |    34 |   117 |   219 |   335 |   577 |    38 |  3249 ||  4569
         Demon whip        |       |       |       |     4 |    15 |    27 |       ||    46
         Broad axe         |       |       |       |       |   362 |  1508 |       ||  1870
  Throw: Boomerang         |       |       |    32 |   129 |   126 |    55 |    69 ||   411
         Javelin           |       |       |       |       |    71 |   152 |    78 ||   301
 Invoke: Heroism           |       |       |    13 |    17 |    27 |    41 |    34 ||   132
         Finesse           |       |       |       |     1 |    10 |     4 |       ||    15
    Use: Scroll            |       |    12 |    12 |    10 |     9 |    11 |    10 ||    64
         Potion            |       |     2 |       |       |     2 |     2 |     8 ||    14
   Stab: Confused          |       |       |       |       |       |     3 |       ||     3
         Distracted        |       |       |       |       |       |     1 |       ||     1
 Armour: Scale mail        |    13 |    64 |    63 |       |       |       |       ||   140
         Plate armour      |       |       |    11 |   159 |   260 |   623 |  3522 ||  4575
  Dodge: Dodged            |    17 |    39 |    64 |    66 |   209 |   442 |  2160 ||  2997
  Block: Buckler           |     3 |     9 |       |       |       |       |       ||    12
         Kite shield       |       |    10 |   111 |   270 |   605 |  1096 |  4556 ||  6648
         Reflection        |       |       |       |    11 |    26 |   112 |    35 ||   184

Table legend:
 A = Non-vault XP
 B = Vault XP
 C = Vault XP percentage of total XP
 D = Non-vault monster count
 E = Vault monster count
 F = Vault count percentage of total count
                 A         B        C        D         E       F
            +---------+---------+-------+---------+---------+-------
      Total |  241612 |  196528 |  44.9 |     732 |     418 |  36.3
            +---------+---------+-------+---------+---------+-------
        D:1 |      15 |       0 |   0.0 |       9 |       0 |   0.0
        D:2 |     125 |       0 |   0.0 |      20 |       0 |   0.0
        D:3 |      16 |      36 |  69.2 |      12 |       1 |   7.7
        D:4 |     408 |     428 |  51.2 |      16 |       6 |  27.3
        D:5 |     866 |     162 |  15.8 |      15 |       1 |   6.2
        D:6 |     783 |       0 |   0.0 |      14 |       0 |   0.0
        D:7 |    1148 |     220 |  16.1 |      25 |       2 |   7.4
        D:8 |    1171 |     563 |  32.5 |      18 |       2 |  10.0
        D:9 |    2828 |       0 |   0.0 |      35 |       0 |   0.0
       D:10 |    1458 |    3587 |  71.1 |      15 |       9 |  37.5
       D:11 |    4181 |       0 |   0.0 |      15 |       0 |   0.0
       D:12 |    3622 |    4147 |  53.4 |       9 |      12 |  57.1
       D:13 |    7165 |   14833 |  67.4 |      18 |      30 |  62.5
       D:14 |    6620 |       0 |   0.0 |      14 |       0 |   0.0
       D:15 |   17673 |    4331 |  19.7 |      34 |       6 |  15.0
     Lair:1 |    8186 |    2186 |  21.1 |      35 |      10 |  22.2
     Lair:2 |    3875 |    3496 |  47.4 |      21 |      10 |  32.3
     Lair:3 |    3037 |    4096 |  57.4 |      14 |      33 |  70.2
     Lair:4 |    3799 |       0 |   0.0 |      13 |       0 |   0.0
     Lair:5 |    8556 |   13706 |  61.6 |      31 |      65 |  67.7
    Swamp:1 |    9802 |       0 |   0.0 |      22 |       0 |   0.0
    Swamp:2 |   10179 |    8621 |  45.9 |      25 |      12 |  32.4
    Swamp:3 |   13981 |       0 |   0.0 |      28 |       0 |   0.0
    Swamp:4 |   11421 |   17679 |  60.8 |      21 |      26 |  55.3
    Snake:1 |   19912 |    1938 |   8.9 |      36 |       4 |  10.0
    Snake:2 |   14255 |       0 |   0.0 |      29 |       0 |   0.0
    Snake:3 |    8586 |   12342 |  59.0 |      22 |       8 |  26.7
      Orc:1 |    1896 |    4073 |  68.2 |      16 |       4 |  20.0
      Orc:2 |    3280 |   15522 |  82.6 |      43 |      54 |  55.7
   Vaults:1 |   25308 |    5653 |  18.3 |      34 |      11 |  24.4
   Vaults:2 |   23196 |   41815 |  64.3 |      33 |      51 |  60.7
   Vaults:3 |   20512 |   24821 |  54.8 |      33 |      48 |  59.3
   Vaults:4 |    3752 |   12273 |  76.6 |       7 |      13 |  65.0
            +---------+---------+-------+---------+---------+-------
